Workbook
Name _ftn1: 'Partie 2 - Liste de pointage'!$H$150
Name _ftnref1: 'Partie 2 - Liste de pointage'!$H$147
Name _Toc128306901: 'Partie 2 - Liste de pointage'!$F$142
Name _Toc128306914: 'Partie 2 - Liste de pointage'!$F$134
Name _Toc128306936: 'Partie 2 - Liste de pointage'!$F$165
Name _Toc62285611: 'Partie 2 - Liste de pointage'!$F$190
Name Agency_type: Table15[Type d''Agence]
Name Commodities_list: Table5_Commodities_list[Description de produit HS av. volume]
Name Commodity_names: Table5_Commodities_list[Description de produit HS]
Name Companies_list: Companies[Nom complet de l’entreprise]
Name Currency_code_list: Table1_Country_codes_and_currencies[Code de devise (ISO 4217)]
Name GFS_list: Table6_GFS_codes_classification[Combiné]
Name Government_entities_list: Government_agencies[Nom complet de l’entité]
Name Project_phases_list: Table12[Étapes du projet]
Name Projectname: Companies15[Nom complet du projet]
Name Reporting_options_list: Table3_Reporting_options[Liste]
Name Revenue_stream_list: Government_revenues_table[Nom du flux de revenus]
Name Sector_list: Table7_sectors[Secteur (s)]
Name Simple_options_list: Table2_Simple_options[Liste]
Name Total_reconciled: Table10[Valeur de revenus]
Name Total_revenues: Government_revenues_table[Valeur des revenus]

Sheet Introduction
E4: Rempli le : | G4: 45300
C10: Modèle de données résumées pour les divulgations ITIE
C11: Version 2.0 appliquée le 1er Juillet 2019
C13: En remplissant ce modèle de données résumées avec des données de votre Rapport ITIE, vous rendrez ces dernières accessibles sous un format lisible par machine (Exigence 7.2.d).
C14: « Rendre le Rapport ITIE disponible en format données ouvertes (xlsx ou csv) en ligne et faire connaître sa disponibilité » - Exigence ITIE 7.1.c
C16: Comment fonctionne la publication de données ITIE :
C17: 1. N’utiliser qu’un classeur Excel par exercice fiscal couvert. Si la déclaration porte à la fois sur les hydrocarbures et l’exploitation minière, ces deux secteurs peuvent être inclus dans un seul classeur.
C18: 2. Remplir le classeur entier - parties 1 à 5
C19: 3. Prière de soumettre cette fiche de données en même temps que le Rapport ITIE. L’envoyer au Secrétariat international à : data@eiti.org.
C20: 4. Les données serviront à alimenter le référentiel mondial de données ITIE, disponible sur le site Internet international de l’ITIE à https://eiti.org/fr/donnees. Le fichier vous sera renvoyé, afin de pouvoir être publié sur les canaux de votre choix.
C22: Le présent formulaire modèle devra être rempli intégralement et soumis au Secrétariat international de l’ITIE pour chaque exercice fiscal couvert par le rapportage ITIE.
C25: Ce classeur comporte cinq parties. Insérer vos données en commençant par la partie 1 et continuer jusqu’à la partie 5
C27: Partie 1 (Présentation) : Insérer les caractéristiques relatives au pays et aux données.
... C31: Partie 5 (Données d’entreprise) : Inscrire des données d’entreprise - et celle de niveau projet - par flux de revenus.
C33: Le Secrétariat international peut prodiguer conseils et soutien sur demande. Veuillez le contacter à | E33: data@eiti.org
C35: Les cellules en orange doivent être complétées avant la soumission | E35: Les cellules en bleu ne servent qu’à indiquer les sources et/ou à inscrire des commentaires | G35: Les cellules en blanc n’exigent aucune action
C37: Vous recevrez des retours immédiats sur un certain nombre des données que vous aurez inscrites, et certaines cellules se rempliront automatiquement.
C40: Terminologie : Divulgation | E40: Terminologie : Options simples
C41: Oui, divulgation systématique : Si les données sont divulguées régulièrement et systématiquement par des entités de l’État et ou des entreprises, et si ces données sont fiables, sélectionner Oui, divulgation systématique | E41: Oui : Tous les aspects de la question ont reçu une réponse/ont été couverts.
C42: Oui, à travers le rapportage ITIE : Si le Rapport ITIE ou son site couvre certaines lacunes de divulgation relatives aux données du gouvernement ou des entreprises, sélectionner « Oui, dans le Rapport ITIE ». | E42: Partiellement : Des aspects de la question ont reçu une réponse/ont été couverts.
C43: Non disponible : Les données sont applicables au pays, mais il n’y a pas de données ou d’informations disponibles. | E43: Non : Aucune information n’est couverte.
C44: Sans objet : Si une exigence n’est pas pertinente, sélectionner « Sans objet ». Faire référence à toute information à ce sujet, telle que contenue dans le Rapport ITIE ou dans le procès-verbal d’une réunion du Groupe multipartite. | E44: Sans objet : La question n’est pas pertinente pour la rubrique en question. Si une explication est requise, faire référence à toute information démontrant la non-applicabilité.
C46: Pour plus d’information sur l’ITIE, visitez notre site Internet https://eiti.org/fr
C47: Vous voulez en savoir plus sur votre pays ? Vérifiez si votre pays met en œuvre la Norme ITIE en visitant https://eiti.org/fr/pays
C48: Pour la version la plus récente des modèles de données résumées, consultez https://eiti.org/fr/document/modele-donnees-resumees-itie
C49: Faites-nous connaître vos réactions ou signalez tout conflit au niveau des données ! Écrivez-nous à data@eiti.org
C51: Site Internet www.eiti.org Courriel secretariat@eiti.org Téléphone +47 22 20 08 00 Télécopieur +47 22 83 08 02
C52: Adresse EITI International Secretariat, Rådhusgata 26, 0151 Oslo, Norvège
B53: Pays ou région
B55: Exercice fiscal couvert par ce fichier de données
B56: Exercice fiscal couvert par ce fichier de données
B58: Source de données
B59: Source de données
B60: Source de données
B61: Source de données
B62: Source de données
B63: Source de données
B64: Source de données
B65: Source de données
B66: Source de données
... B93: Coordonnées de contact : soumission de données

Sheet Partie 1 - Présentation
G3: Modèle de données résumées
G4: =Introduction!G4 -> 45300
C8: Partie 1 - (Présentation) Elle couvre les caractéristiques du pays et des données
C9: Comment remplir cette feuille :
C10: 1. Commençant par en haut, sélectionner votre réponse dans la colonne grise. Des indications s’affichent dans les cadres jaunes dès que la cellule a été sélectionnée.
C11: 2. Lorsqu’il aura été répondu à certaines questions, de nouvelles indications et questions peuvent s’afficher. Merci de répondre à chacune d’elles jusqu’à ce que la section ait été remplie.
C12: 3. Inclure au besoin toute information supplémentaire ou tout commentaire dans la colonne Source/Commentaires.
C13: Si vous avez des questions, veuillez contacter data@eiti.org
C15: Les cellules en orange doivent être complétées avant la soumission | E15: Les cellules en bleu pâle ne servent qu’à indiquer les sources et/ou à inscrire des commentaires | G15: Les cellules en blanc n’exigent aucune action
C17: Partie 1 - Présentation
C18: Description | E18: Inscrire les données dans cette colonne | G18: Source/Commentaires
C19: Pays ou région
B20: Pays ou région | C20: Nom du pays ou de la région | E20: République démocratique du Congo
B21: Pays ou région | C21: Code ISO de la devise | E21: =IFERROR(VLOOKUP($E$20,Table1_Country_codes_and_currencies[],3,FALSE),"") -> COD
B22: Pays ou région | C22: Nom de la monnaie nationale | E22: =IFERROR(VLOOKUP($E$20,Table1_Country_codes_and_currencies[],7,FALSE),"") -> Franc congolais
B23: Pays ou région | C23: Monnaie nationale selon ISO-4217 | E23: =IFERROR(VLOOKUP($E$20,Table1_Country_codes_and_currencies[],5,FALSE),"") -> CDF
C24: Exercice fiscal couvert par ce fichier de données
B25: Exercice fiscal couvert par ce fichier de données | C25: Date de début | E25: 44197
B26: Exercice fiscal couvert par ce fichier de données | C26: Date de fin | E26: 44561
C27: Source de données
B28: Source de données | C28: Un Rapport ITIE a-t-il été préparé par un Administrateur indépendant ? | E28: Oui
B29: Source de données | C29: Quel est le nom de l’entreprise ? | E29: KPMG RDC SA
B30: Source de données | C30: Date à laquelle le Rapport ITIE a été rendu public | E30: 45274
B31: Source de données | C31: URL, Rapport ITIE | E31: https://drive.google.com/file/d/1E103LEq4NpIDWVAvJvfD292a1G6vjf8i/view
B32: Source de données | C32: Les données ITIE sont-elles systématiquement divulguées par le gouvernement à une adresse unique? | E32: Partiellement | G32: Certaines sont divulguées sur les sites étatiqes (CTCPM, CAMI, CTR…) et d'autres données sont publiées sur le site ITIE RDC
B33: Source de données | C33: Date de publication des données ITIE | E33: 45274
B34: Source de données | C34: Lien vers le site Internet (URL) de données ITIE | E34: https://drive.google.com/file/d/1E103LEq4NpIDWVAvJvfD292a1G6vjf8i/view
B35: Source de données | C35: Existe-t-il d’autres fichiers de caractère pertinent ? | E35: OUI
B36: Source de données | C36: Date à laquelle l’autre fichier a été rendu public | E36: =IF(OR($E$35=Listes!$I$4,$E$35=Listes!$I$5),"<Date sous ce format: AAAA-MM-JJ>","") -> <Date sous ce format: AAAA-MM-JJ> | G36: Nous n'avons pas pris cnnaissance de a date exacte. Trouvez le détail dans l'URL
B37: Source de données | C37: URL | E37: https://cami.cd/; https://ctcpm.cd/fr/#
C38: Accessibilités des données et données ouvertes (Exigence 7.2)
C39: Le gouvernement applique-t-il une politique de données ouvertes ? | E39: Oui, à travers le rapportage ITIE
B40: Couverture/périmètre des données | C40: Portail/fichiers de données ouvertes | E40: https://www.tsl-itierdc.org/
B41: Couverture/périmètre des données | C41: Couverture/périmètre des données
B42: Couverture/périmètre des données | C42: Couverture sectorielle
B43: Couverture/périmètre des données | C43: Pétrole | E43: Oui
B44: Couverture/périmètre des données | C44: Gaz | E44: Non
B45: Couverture/périmètre des données | C45: Mines (y compris carrières) | E45: Oui
B46: Couverture/périmètre des données | C46: Autres secteurs (autres que les secteur en amont) | E46: Oui
B47: Couverture/périmètre des données | C47: Si oui, préciser le nom (insérer de nouvelles lignes si multiples) | E47: N/A
B48: Couverture/périmètre des données | C48: Nombre d’entités de l’État déclarantes (Entreprises d'Etat incluses si collectant) | E48: 65 | G48: 57 ont effectivement déclaré et 8 n'ont effectué aucune déclaration.
B49: Couverture/périmètre des données | C49: Nombre d’entreprises déclarantes (Entreprises d'Etat incluses si payeur) | E49: 114 | G49: Le périmètre consolidé sur 2020-2021 comprend 114 entreprises. 19 entreprises du périmètre consolidé n'ont pas déclaré dont 1 relève du périmètre 2020 et 18 du périmètre 2021.
B50: Couverture/périmètre des données | C50: Devise de déclaration (codes de devise ISO-4217) | E50: CDF | G50: La devise des déclarations est en dollars américain pour certains et en CDF pour d’autres.
B51: Couverture/périmètre des données | C51: Taux de change utilisé : 1 USD = | E51: 1982.74 CDF
B52: Couverture/périmètre des données | C52: Source du taux de change (URL,…): | E52: https://drive.google.com/file/d/1W6QPxcOpWJZHoXpN9ehb8ylf3ZErhP8X/view | G52: Rapport de cadrage ITIE 2020-2021
B53: Couverture/périmètre des données | C53: Exigence ITIE 4.7: Désagrégation
B54: Couverture/périmètre des données | C54: ... par flux de revenus | E54: Oui
C55: ... par entité de l’État | E55: Oui
C56: ... par entreprise | E56: Oui
C57: ... par projet | E57: Partiellement | G57: Les parties prenantes avaient convenu que "projet" égal entreprise. Elles avaient également convenu de classer les flux en deux catégories : flux déclarables par projet et les flux déclarables par entreprise.
C58: Vue d’ensemble /exigence relative aux données | E58: =SUM(E59:E62) -> 0.96296296
C59: Divulgation systématique | E59: =COUNTIF('Partie 2 - Liste de pointage'!$D:$D,Listes!$K$4)/SUM(COUNTIF('Partie 2 - Liste de pointage'!$D:$D,"*Rapportage ITIE ou divulgation systématique?*"),COUNTIF('Partie 2 - Liste de pointage'!$D:$D,Listes!$K$4),COUNTIF('Partie 2 - Liste de pointage'!$D:$D,Listes!$K$5),COUNTIF('Partie 2 - Liste de pointage'!$D:$D,Listes!$K$6),COUNTIF('Partie 2 - Liste de pointage'!$D:$D,Listes!$K$7)) -> 0.18518519 | G59: Calcul à l’aide de la liste de vérification
C60: À travers le rapportage ITIE | E60: =COUNTIF('Partie 2 - Liste de pointage'!$D:$D,Listes!$K$5)/SUM(COUNTIF('Partie 2 - Liste de pointage'!$D:$D,"*Rapportage ITIE ou divulgation systématique?*"),COUNTIF('Partie 2 - Liste de pointage'!$D:$D,Listes!$K$4),COUNTIF('Partie 2 - Liste de pointage'!$D:$D,Listes!$K$5),COUNTIF('Partie 2 - Liste de pointage'!$D:$D,Listes!$K$6),COUNTIF('Partie 2 - Liste de pointage'!$D:$D,Listes!$K$7)) -> 0.59259259 | G60: Calcul à l’aide de la liste de vérification
B61: Coordonnées de contact : soumission de données | C61: Sans objet. | E61: =COUNTIF('Partie 2 - Liste de pointage'!$D:$D,Listes!$K$6)/SUM(COUNTIF('Partie 2 - Liste de pointage'!$D:$D,"*Rapportage ITIE ou divulgation systématique?*"),COUNTIF('Partie 2 - Liste de pointage'!$D:$D,Listes!$K$4),COUNTIF('Partie 2 - Liste de pointage'!$D:$D,Listes!$K$5),COUNTIF('Partie 2 - Liste de pointage'!$D:$D,Listes!$K$6),COUNTIF('Partie 2 - Liste de pointage'!$D:$D,Listes!$K$7)) -> 0.14814815 | G61: Calcul à l’aide de la liste de vérification
B62: Coordonnées de contact : soumission de données | C62: Information non disponible | E62: =COUNTIF('Partie 2 - Liste de pointage'!$D:$D,Listes!$K$7)/SUM(COUNTIF('Partie 2 - Liste de pointage'!$D:$D,"*Rapportage ITIE ou divulgation systématique?*"),COUNTIF('Partie 2 - Liste de pointage'!$D:$D,Listes!$K$4),COUNTIF('Partie 2 - Liste de pointage'!$D:$D,Listes!$K$5),COUNTIF('Partie 2 - Liste de pointage'!$D:$D,Listes!$K$6),COUNTIF('Partie 2 - Liste de pointage'!$D:$D,Listes!$K$7)) -> 0.037037037 | G62: Calcul à l’aide de la liste de vérification
B63: Coordonnées de contact : soumission de données | C63: Nom et coordonnées de contact de la personne soumettant ce fichier
B64: Coordonnées de contact : soumission de données | C64: Name | E64: SAMBA DIAGOLA
C65: Organisation | E65: KPMG RDC SA
C66: Adresse électronique | E66: sdIagola@kpmg.cd
C69: Pour plus d’information sur l’ITIE, visitez notre site Internet https://eiti.org/fr
C70: Vous voulez en savoir plus sur votre pays ? Vérifiez si votre pays met en œuvre la Norme ITIE en visitant https://eiti.org/fr/pays
C71: Pour la version la plus récente des modèles de données résumées, consultez https://eiti.org/fr/document/modele-donnees-resumees-itie
C72: Faites-nous connaître vos réactions ou signalez tout conflit au niveau des données ! Écrivez-nous à data@eiti.org
B73: Couverture/périmètre des données
B74: Couverture/périmètre des données | C74: Site Internet www.eiti.org Courriel secretariat@eiti.org Téléphone +47 22 20 08 00 Télécopieur +47 22 83 08 02
B75: Couverture/périmètre des données | C75: Adresse EITI International Secretariat, Rådhusgata 26, 0151 Oslo, Norvège
B76: Couverture/périmètre des données
B77: Couverture/périmètre des données
B78: Couverture/périmètre des données
B79: Couverture/périmètre des données
B80: Couverture/périmètre des données
B81: Couverture/périmètre des données
B82: Couverture/périmètre des données
B83: Couverture/périmètre des données
B84: Couverture/périmètre des données
B85: Couverture/périmètre des données
B86: Couverture/périmètre des données
B87: Couverture/périmètre des données
... B97: Coordonnées de contact : soumission de données

Sheet Partie 2 - Liste de pointage
H3: Modèle de données résumées
H4: =Introduction!G4 -> 45300
B8: Partie 2 (liste de vérification) Elle couvre l’information contextuelle et financière agrégée prévue par les Exigences ITIE 2,3,4,5 et 6.
B9: Comment remplir cette feuille :
B10: Pour chaque ligne, veuillez procéder comme suit
B11: 1. Commençant par le haut, répondez aux questions de la première colonne (Inclusion). Des indications vous sont données dans les cadres jaunes une fois que la cellule est mise en évidence. Cliquez sur les cellules relatives à chaque Exigence ITIE pour faire apparaître le libellé de la Norme ITIE.
B12: 2. D’autres orientations apparaissent lorsque vous remplissez les cellules. Remplissez-les comme indiqué, complétant chaque colonne de chaque ligne avant de remplir la ligne suivante.
B13: Par exemple, en sélectionnant « Oui, dans le Rapport ITIE », le texte « Veuillez inclure la section du Rapport ITIE » dans la case Source/unités apparaît.
B14: 3. Insérez au besoin toute information supplémentaire ou tout commentaire dans la colonne Commentaires/Notes.
B15: Si vous avez des questions, veuillez contacter data@eiti.org
B17: Les cellules en orange doivent être complétées avant la soumission | D17: Les cellules en bleu pâle ne servent qu’à indiquer les sources et/ou inscrire des commentaires | F17: Ignorez les cellules en blanc, car elles n’exigent aucune action
B19: Partie 2 - Liste de pointage
B20: Veuillez répondre à toutes les questions posées ci-dessous.
B22: Exigence | D22: Inclusion | F22: Source/unités | H22: Commentaires/Notes
B23: Exigence ITIE 2.1 : Cadre légal et régime fiscal
B24: Le gouvernement publie-t-il des informations concernant
B25: Les lois et réglementations ? | D25: Oui, divulgation systématique | F25: Journal officiel (TEXTES LEGAUX & REGLEMENTAIRE) | H25: Documents disponibles au Journal officiel, mais ne sont pas consultable électroniquement
B26: Vue d’ensemble des rôles des agences gouvernementales ? | D26: Oui, divulgation systématique | F26: Journal officiel | H26: Documents disponibles au Journal officiel, mais ne sont pas consultable électroniquement
B27: Régime des droits pétroliers et miniers? | D27: Oui, divulgation systématique | F27: Journal officiel, https://cami.cd/ | H27: Site CAMI uniquement pour les droits miniers.
B28: Régime fiscal ? | D28: Oui, divulgation systématique | F28: Journal officiel, Code minier, Code des Impôts, Code des hydrocarbures, Code de doaune…
B30: Exigence ITIE 2.2: Octroi des contrats et licences
B31: Le gouvernement publie-t-il des informations concernant
B32: le processus d’octroi des licences ? | D32: Oui, à travers le rapportage ITIE | F32: Rapport ITIE 2020-2021, pages 38 à 44
B33: et les critères techniques et financiers utilisés ? | D33: Oui, à travers le rapportage ITIE | F33: Rapport ITIE 2020-2021, pages 38 à 40
B34: le(s) processus de transfert de licences ? | D34: Oui, à travers le rapportage ITIE | F34: Rapport ITIE 2020-2021, page 72
B35: et les critères techniques et financiers utilisés ? | D35: Oui, à travers le rapportage ITIE | F35: Rapport ITIE 2020-2021, pages 38 à 40
B36: processus d’appel d’offres : | D36: Oui, à travers le rapportage ITIE | F36: Rapport ITIE 2020-2021, pages 38 à 40
B37: Nombre d’octrois et de transferts pour l’exercice couvert | D37: Secteur minier : 92 octrois et 4 cessions des EP en 2020 | F37: Rapport ITIE 2020-2021 : Chapitre 3 Registres des droits miniers et pétroliers (Tableau n° 2 : Droits octroyés et droits valides en 2020 et 2021) et Chapitre 6 : Participation de l’Etat et des EP dans les industries extractives (2.6.9. Transactions des entreprises publiques Tableau n° 19 Cessions des droits)
B39: Exigence ITIE 2.3: Registre des licences
B40: Registres des licences pour le secteur minier | D40: Oui, divulgation systématique | F40: https://cami.cd/wp-content/uploads/2021/07/REGISTRE-DES-DROITS-MINIERS-ET-DE-CARRIERES-VALIDES_JUILLET2021.pdf
B41: Registre des licences pour le secteur pétrolier | D41: Oui, à travers le rapportage ITIE | F41: Rapport ITIE 2020-2021, pages 45 à 47
B42: Registre des licences pour tout autre secteur - ajouter des lignes au besoin | D42: Sans objet. | F42: =IF(D42=[2]Listes!$K$4,"< Indiquez l'URL de la source >",IF(D42=[2]Listes!$K$5,"< Référence de la section dans le Rapport ITIE ou URL>",IF(D42=[2]Listes!$K$6,"< Référence de la non-applicabilité >",""))) -> < Référence de la non-applicabilité >
B44: Exigence ITIE 2.4: Divulgation des contrats
B45: Politique sur la divulgation des contrats | D45: Oui, à travers le rapportage ITIE | F45: Rapport ITIE 2020-2021, pages 50 à 51
B46: Les contrats sont-ils divulgués ? | D46: Oui, divulgation systématique | F46: https://resourcecontracts.org/countries/cd
B47: Registre des contrats pour le secteur minier | D47: Oui, divulgation systématique | F47: https://ctcpm.cd/fr/#
B48: Registre des contrats pour le secteur pétrolier | D48: Oui, divulgation systématique | F48: https://e-hydro.hydrocarbures.gouv.cd/web/
B49: Registre des contrats pour tout autre secteur - ajouter des ligne s’il y en a plusieurs | D49: Sans objet.
B51: Exigence ITIE 2.5: Propriété réelle
B52: Politique du gouvernement concernant la propriété réelle | D52: Oui, à travers le rapportage ITIE | F52: Rapport ITIE 2020-2021, pages 52 à 54
B53: Des données de propriété réelle sont-elles divulguées ? | D53: Oui, à travers le rapportage ITIE | F53: Rapport ITIE 2020-2021, pages 52 à 54 | H53: Ces publications ont été faites nonobstant la carence des textes légaux et réglementaires permettant de collecter aisément les informations sur les propriétaires effectifs des industries extractives en RDC
B54: Registre de la propriété réelle | D54: Oui, à travers le rapportage ITIE | F54: Rapport ITIE 2020-2021, pages 52 à 54 | H54: L’article 43 de la Loi n°22/068 du 27 décembre 2022 dispose qu’un "arrêté du Ministre ayant la justice dans ses attributions établit le registre des bénéficiaires effectifs et détermine le mécanisme d’identification, l’accès à l’information par les autorités compétentes et le public, la protection des données individuelles et la conservation des données. Ce registre est tenu par le Guichet unique de création d’entreprise". Non opérationnel à ce jour.
B56: Exigence ITIE 2.6 : Participation de l’État
B57: Le gouvernement rend-il compte de sa participation dans le secteur extractif ? | D57: Oui, à travers le rapportage ITIE | F57: Rapport ITIE 2020-2021, pages 62 à 69
B58: Toute référence à des entreprises d’État (portails ou sites Internet d’entreprise), telle que paraissant dans le Rapport (Ajouter des lignes si plusieurs Entreprises D'Etat) | D58: Oui, à travers le rapportage ITIE | F58: =IF(D58=Listes!$K$4,"< Indiquez l'URL de la source >",IF(D58=Listes!$K$5,"< Référence de la section dans le Rapport ITIE ou URL>",IF(D58=Listes!$K$6,"< Référence de la non-applicabilité >",""))) -> < Référence de la section dans le Rapport ITIE ou URL>
B59: Référence au(s) rapport(s) financier(s) audité(s) (Ajouter des lignes si plusieurs Entreprises d'Etat) | F59: =IF(D59=Listes!$K$4,"< Indiquez l'URL de la source >",IF(D59=Listes!$K$5,"< Référence de la section dans le Rapport ITIE ou URL>",IF(D59=Listes!$K$6,"< Référence de la non-applicabilité >","")))
B60: Entreprise/% Etat | D60: Oui, divulgation systématique
B61: GÉCAMINES / 100% | F61: https://www.gecamines.cd/rapports/EtatsFinanciers2021.html
B63: Exigence ITIE 3.1: Prospection
B64: Vue d’ensemble des industries extractives, y compris de toute activité importante de prospection. | D64: Oui, à travers le rapportage ITIE | F64: Rapport ITIE 2020-2021, page 78
B66: Exigence ITIE 3.2: Production | H66: Dans le cadre de ce rapport, les produits suivants ne sont pas disponibles : Gaz naturel, Argent.
B67: (Nomenclature SH des Nations Unies) | H67: Par contre, le Colombo-tantalité, non repris dans le Tableau 5 (la liste des matières premères) a connu une production de 1440.50 tonnes.
B68: Divulgation des volumes de production | D68: Oui, divulgation systématique | F68: https://ctcpm.cd/fr/# https://www.bcc.cd/bcc/publications-redirect/rapport_annuel
B69: Divulgation des valeurs de production | D69: Non disponible | F69: =IF(D69=Listes!$K$4,"< Indiquez l'URL de la source >",IF(D69=Listes!$K$5,"< Référence de la section dans le Rapport ITIE ou URL>",IF(D69=Listes!$K$6,"< Référence de la non-applicabilité >","")))
B70: Pétrole brut (2709), volume | D70: 8003 | F70: Sm3
B71: =LEFT(B70,SEARCH(",",B70))&" valeur" -> Pétrole brut (2709), valeur | D71: <nombre> | F71: USD | H71: <méthode de calcul de la valeur de la production>
B72: Gaz naturel (2711), volume | F72: Sm3 o.e. | H72: Non disponible
B73: =LEFT(B72,SEARCH(",",B72))&" valeur" -> Gaz naturel (2711), valeur | D73: <nombre> | F73: USD | H73: Non disponible
B74: Or (7108), volume | D74: 31839.12 | F74: onces
B75: =LEFT(B74,SEARCH(",",B74))&" valeur" -> Or (7108), valeur | D75: <nombre> | F75: USD | H75: <méthode de calcul de la valeur de la production>
B76: Argent (7106), volume | F76: Tonnes | H76: Non disponible
B77: =LEFT(B76,SEARCH(",",B76))&" valeur" -> Argent (7106), valeur | D77: <nombre> | F77: USD | H77: Non disponible
B78: Diamants (7102), volume | D78: 12973336 | F78: Tonnes
B79: =LEFT(B78,SEARCH(",",B78))&" valeur" -> Diamants (7102), valeur | D79: <nombre> | F79: USD | H79: <méthode de calcul de la valeur de la production>
B80: Cuivre (2603), volume | D80: 1797836.2 | F80: Tonnes
B81: =LEFT(B80,SEARCH(",",B80))&" valeur" -> Cuivre (2603), valeur | D81: <nombre> | F81: USD | H81: <méthode de calcul de la valeur de la production>
B82: Zinc (2608), volume | D82: 16079.39 | F82: Tonnes
B83: Zinc (2608), volume | D83: <nombre> | F83: USD | H83: <méthode de calcul de la valeur de la production>
B84: Cobalt (2605), volume | D84: 93010.53 | F84: Tonnes
B85: =LEFT(B84,SEARCH(",",B84))&" valeur" -> Cobalt (2605), valeur | D85: <nombre> | F85: USD | H85: <méthode de calcul de la valeur de la production>
B87: Exigences ITIE 3.3 : Exportations | H87: Dans le cadre de ce rapport, les produits suivants ne sont pas disponibles : Charbon, Argent, Pierre ponce, Plomb, Quartz.
B88: Divulgation des volumes d’exportation | D88: <Rapportage ITIE ou divulgation systématique?> | F88: Source : BCC, Rapport annuel 2020, p.106 | H88: Par contre, les produits ci-dessous ne sont pa repris dans le Tableau 5 (la liste des matières premères) :
B89: Divulgation des valeurs d’exportation | D89: <Rapportage ITIE ou divulgation systématique?> | F89: =IF(D89=Listes!$K$4,"< Indiquez l'URL de la source >",IF(D89=Listes!$K$5,"< Référence de la section dans le Rapport ITIE ou URL>",IF(D89=Listes!$K$6,"< Référence de la non-applicabilité >",""))) | H89: 1. Cassitérite. Production 2020 : 27.989.Tonnes
B90: Pétrole brut (2709), volume | D90: 8003 | F90: Sm3 | H90: 2. Colombo-tantalite. Production 2020 : 1440 Tonnes
B91: =LEFT(B90,SEARCH(",",B90))&" valeur" -> Pétrole brut (2709), valeur | D91: 0 | F91: USD | H91: 3. Wolframite. Production 2020 : 220 Tonnes
B92: Cobalt (2605), volume | D92: 93144 | F92: Tonnes
B93: =LEFT(B92,SEARCH(",",B92))&" valeur" -> Cobalt (2605), valeur | D93: <nombre> | F93: USD
B94: Or (7108), volume | D94: 31687 | F94: onces
B95: =LEFT(B94,SEARCH(",",B94))&" valeur" -> Or (7108), valeur | F95: USD
B96: Argent (7106), volume | D96: <nombre> | F96: onces | H96: Non disponible
B97: =LEFT(B96,SEARCH(",",B96))&" valeur" -> Argent (7106), valeur | D97: <nombre> | F97: USD | H97: Non disponible
B98: Charbon (2701), volume | D98: <nombre> | F98: Tonnes | H98: Non disponible
B99: =LEFT(B98,SEARCH(",",B98))&" valeur" -> Charbon (2701), valeur | D99: <nombre> | F99: USD | H99: Non disponible
B100: Cuivre (2603), volume | D100: 1796033 | F100: Tonnes
B101: =LEFT(B100,SEARCH(",",B100))&" valeur" -> Cuivre (2603), valeur | F101: USD
B102: Zinc (2608), volume | D102: 16079 | F102: Tonnes
B103: =LEFT(B102,SEARCH(",",B102))&" valeur" -> Zinc (2608), valeur | F103: USD
B104: Pierre ponce (2513), volume | F104: Tonnes | H104: Non disponible
B105: =LEFT(B104,SEARCH(",",B104))&" valeur" -> Pierre ponce (2513), valeur | F105: USD | H105: Non disponible
B106: Plomb (2607), volume | F106: Tonnes | H106: Non disponible
B107: =LEFT(B106,SEARCH(",",B106))&" valeur" -> Plomb (2607), valeur | F107: USD | H107: Non disponible
B108: Quartz (2506), volume | F108: Tonnes | H108: Non disponible
B109: =LEFT(B108,SEARCH(",",B108))&" valeur" -> Quartz (2506), valeur | F109: USD | H109: Non disponible
B110: Diamants (7102), volume | D110: 12973 | F110: Tonnes
B111: Diamants (7102), valeur | F111: USD
B113: Exigence ITIE 4.1 : Exhaustivité | D113: 16079
B114: Le gouvernement divulgue-t-il entièrement les revenus extractifs par flux de revenus ? | D114: Oui, à travers le rapportage ITIE | F114: Rapport ITIE RDC 2020-2021. Voir Chapitre 9 (Deuxième partie)
B115: Les décisions du Groupe multipartite concernant les seuils de matérialité sont-elles publiquement disponibles ? | D115: Oui, à travers le rapportage ITIE | F115: Rapport ITIE RDC 2020-2021. Voir Chapitre 1 (Deuxième partie)
B116: Couverture de la réconciliation | D116: 0.61% | F116: Rapport ITIE RDC 2020-2021. Voir Chapitre 9 (Deuxième partie)
B118: Exigence ITIE 4.2: Revenus en nature
...

Sheet Partie 3 - Entités déclarantes
E3: Modèle de données résumées
E4: =Introduction!G4 -> 45300
B8: Partie 3 (Entités déclarantes) Elle énumère les entités déclarantes (entités de l’État, entreprises et projets) et fournit des informations y afférentes.
B9: Comment remplir cette feuille :
B10: 1. Veuillez commencer par la première case (liste des entités déclarantes de l’État), en indiquant le nom de chacune d’elles
B11: 2. Remplissez la ligne des identifiants d’entreprise Des orientations vous seront données dans les cases jaunes lorsque la cellule est mise en évidence
B12: 3. Remplissez la liste des entreprises déclarantes, commençant par la première colonne, « Nom complet de l’entreprise » Remplissez en suivant les instructions, complétant chaque colonne sur chaque ligne avant de commencer la ligne suivante.
B13: 4. Remplissez la liste des Projets à déclarer, commençant par la première colonne, « Nom complet du projet »
B14: Si vous avez des questions, veuillez contacter data@eiti.org
B16: Partie 3 - Entités déclarantes
B17: Veuillez fournir une liste de toutes les entités déclarantes, accompagnée de l’information y afférente
B19: Liste des entités de l’État déclarantes
B20: Nom complet de l’entité | C20: Type d'Agence | D20: N° d’identifiant (le cas échéant) | E20: Total déclaré
B21: DGI | C21: Administration centrale | E21: 1.6701714e+09
B22: DGRAD | C22: Administration centrale | E22: 7.9653275e+08
B23: DGDA | C23: Administration centrale | E23: 7.4323703e+08
B24: DRLU | C24: Administration d'Etat fédéré | E24: 2.5788216e+08
B25: DRHKAT | C25: Administration d'Etat fédéré | E25: 1.441993e+08
B26: DGRHU | C26: Administration d'Etat fédéré | E26: 13145287
B27: DPRKOR | C27: Administration d'Etat fédéré | E27: 1053691.5
B28: DGR NK | C28: Administration d'Etat fédéré | E28: 0
B29: DGRMA | C29: Administration d'Etat fédéré | E29: 0
B30: DPMER | C30: Administration d'Etat fédéré | E30: 0
B31: DRTANG | C31: Administration d'Etat fédéré | E31: 0
B32: COMMUNE DE DILALA | C32: Administration locale | E32: 28009201
... B89: SODIMICO | C89: Société publique financière et Entreprise d'Etat | E89: 1624800
E90: =SUM(E21:E89) -> 4.1289201e+09
B96: Liste des entreprises déclarantes
B97: Identifiants d’entreprise
B98: Exemple : N° identification de contribuable | C98: The Brønnøysund Register Centre | D98: Si possible, indiquer le lien vers le registre ou l’entité
B100: Nom complet de l’entreprise | C100: Type d'entreprise | D100: Identifiant de l’entreprise | E100: Secteur | F100: Matières premières (séparation par virgule) | G100: Cotation boursière ou site Internet d’entreprise | H100: Rapport financier audité (si indisponible, bilan comptable ou flux de trésorerie…) | I100: Rapport de paiements à l’État
B101: GECAMINES | C101: Société publique financière et Entreprise d'Etat | D101: A0701147F | E101: Minier | I101: 41328740
B102: SACIM | C102: Société publique financière et Entreprise d'Etat | D102: A1001383Q | E102: Minier | I102: 18642224
B103: SOMIKA | C103: Société publique financière et Entreprise d'Etat | D103: A0704865X | E103: Minier | I103: 3968176.9
B104: SAKIMA | C104: Société publique financière et Entreprise d'Etat | D104: A1105861J | E104: Minier | I104: 368072.51
B105: SCMK-Mn | C105: Société publique financière et Entreprise d'Etat | D105: A0811080D | E105: Minier | I105: 253253.84
B106: COMINIERE | C106: Société publique financière et Entreprise d'Etat | D106: A1113407L | E106: Minier | I106: 224141.8
B107: SOKIMO | C107: Société publique financière et Entreprise d'Etat | D107: A0805833A | E107: Minier | I107: 44006.03
B108: MIBA | C108: Société publique financière et Entreprise d'Etat | D108: A0700201C | E108: Minier | I108: 0
B109: SONAHYDROC | C109: Société publique financière et Entreprise d'Etat | D109: A0700108B | E109: Pétrole | I109: 354866.45
B110: KCC | C110: Privée | D110: A0701041Q | E110: Minier | I110: 7.0062255e+08
B111: TFM | C111: Privée | D111: A0810758D | E111: Minier | I111: 5.0830975e+08
B112: KIBALI GOLDMINES | C112: Privée | D112: A0702049L | E112: Minier | I112: 2.1871356e+08
... B208: SURESTREAM | C208: Privée | D208: A0706875G | E208: Pétrole | I208: 603534.72
I209: =SUM(I101:I208) -> 3.3696302e+09
B213: Liste des projets à déclarer
B214: Nom complet du projet | C214: Référence(s) de la convention juridique : contrat, licence, bail, concession,... | D214: Sociétés associées, commencer par l’Opérateur | E214: Matières premières (une matière/ligne) | F214: Statut | G214: Volume de production | H214: Unité | I214: Valeur de production | J214: Devise
B215: Sans objet
B233: Pour plus d’information sur l’ITIE, visitez notre site Internet https://eiti.org/fr
B234: Vous voulez en savoir plus sur votre pays ? Vérifiez si votre pays met en œuvre la Norme ITIE en visitant https://eiti.org/fr/pays
B235: Pour la version la plus récente des modèles de données résumées, consultez https://eiti.org/fr/document/modele-donnees-resumees-itie
B236: Faites-nous connaître vos réactions ou signalez tout conflit au niveau des données ! Écrivez-nous à data@eiti.org
B238: Site Internet www.eiti.org Courriel secretariat@eiti.org Téléphone +47 22 20 08 00 Télécopieur +47 22 83 08 02
B239: Adresse EITI International Secretariat, Rådhusgata 26, 0151 Oslo, Norvège

Sheet Partie 4 - Recettes de l’État
N3: Modèle de données résumées
N4: =Introduction!G4 -> 45300
F8: Partie 4 (Recettes de l’État) Elle contient des données exhaustives sur les revenus de l’État par flux de revenu, en utilisant la classification SFP.
F9: Comment remplir cette feuille :
F10: 1. Inscrivez le nom de tous les flux de revenus de l’État pour le secteur extractif, y compris les flux inférieurs aux seuils de matérialité convenus (utiliser une ligne pour chaque flux de revenus et pour chaque entité de l’État)
F11: 2. Inscrivez le nom de l’entité de l’État percevant les revenus (sélectionnez celle-ci sur la liste déroulante) Elle y figurera parce que vous aurez déjà inscrit l’entité de l’État à la Partie 3).
F12: 3. Choisissez le Secteur et la Classification SFP auxquels ce flux de revenus s’applique. Consultez les orientations fournies dans le Cadre SFP pour le rapportage ITIE. Si un flux de revenus ne peut être désagrégé par secteur, sélectionnez « Autre ».
F13: 4. Dans la colonne Valeur des revenus inscrivez le chiffre total de chaque flux de revenus tel que divulgué par le gouvernement, qui inclut également les revenus qui n’ont pas été rapprochés.
F14: Nota : Les paiements versés par les entreprises aux gouvernements au nom de leurs employés doivent être exclus (par exemple, l’impôt sur le revenu des particuliers / impôts retenus à la source, cotisations des employés pour la sécurité sociale) car ils ne sont pas considérés comme étant des paiements par des entreprises au gouvernement.
F16: Si vous avez des questions, veuillez contacter data@eiti.org
F18: Total des recettes de l’État provenant du secteur extractif (utilisant la classification SFP) | M18: Cadre SFP pour le rapportage ITIE
M19: Exigence ITIE 5.1.b: Classification des revenus
F20: Exigence ITIE 4.1.d: Divulgation exhaustive de la part du gouvernement
B21: GFS Niveau 1 | C21: GFS Niveau 2 | D21: GFS Niveau 3 | E21: GFS Niveau 4 | F21: Classification SFP | G21: Secteur | H21: Nom du flux de revenus | I21: Entité de l’État | J21: Valeur des revenus | K21: Devise | M21: En quoi consiste le SFP ?
F22: Amend+F22:J50es, peines et dédits (143E) | G22: Mines | H22: Avis de Mise en Recouvrement A | I22: Autorité fiscale | J22: 2.8490657e+08 | K22: USD | M22: SFP, sigle pour «Statistiques de Finances Publiques », est un cadre international pour la classification des flux de revenus afin de les rendre comparables d’un pays et d’une période à l’autre. Voir l’exemple de cadre complet ci-dessous. Le cadre utilisé ci-dessous a été élaboré par le FMI et le Secrétariat international de l’ITIE. Les chiffres à droite ont été spécifiquement conçus pour les entreprises du secteur extractif La lettre E dans la colonne des codes SFP signifie que ce sont les codes utilisés pour les revenus issus des entreprises extractives. Les chiffres situés à gauche de la lettre E sont les codes SFP réguliers.
F23: Amendes, peines et dédits (143E) | G23: Mines | H23: Avis de Mise en Recouvrement B | I23: Autorité fiscale | J23: 1.7992865e+08 | K23: USD
F24: Amendes, peines et dédits (143E) | G24: Mines | H24: Pénalité SOKIMO | I24: Entreprise d’État | J24: 750000 | K24: USD
F25: Amendes, peines et dédits (143E) | G25: Mines | H25: Pénalités et Amendes Transactionnelles pour la DGDA | I25: Autorité fiscale | J25: 0 | K25: USD
F26: Amendes, peines et dédits (143E) | G26: Mines | H26: Pénalités versées à la DGRAD (Sur les flux retenus dans le référentiel) | I26: Autorité fiscale | J26: 5694478.2 | K26: USD
F27: Amendes, peines et dédits (143E) | G27: Mines | H27: Pénalités versées Trésor | I27: Autorité fiscale | J27: 5412990.4 | K27: USD | M27: Pour plus d’orientations, visitez la page https://eiti.org/fr/document/modele-donnees-resumees-itie
F28: Amendes, peines et dédits (143E) | G28: Pétrole & Gaz | H28: Avis de Mise en Recouvrement A | I28: Autorité fiscale | J28: 785.02 | K28: USD | M28: ou https://www.imf.org/external/pubs/ft/gfs/manual/pdf/2014companion/FrenchGFSM.pdf
F29: Amendes, peines et dédits (143E) | G29: Pétrole & Gaz | H29: Avis de Mise en Recouvrement B | I29: Autorité fiscale | J29: 785.02 | K29: USD
F30: Autres impôts payés par les entreprises exploitant des ressources naturelles (116E) | G30: Mines | H30: Autres Flux Payés | I30: Autorité fiscale | J30: 226964.35 | K30: USD
F31: Autres impôts payés par les entreprises exploitant des ressources naturelles (116E) | G31: Mines | H31: Autres Paiements Significatifs | I31: Ministère des Mines | J31: 0 | K31: USD
F32: Autres impôts payés par les entreprises exploitant des ressources naturelles (116E) | G32: Mines | H32: Avance Contractuel | I32: Entreprise d’État | J32: 360000 | K32: USD
F33: Autres impôts payés par les entreprises exploitant des ressources naturelles (116E) | G33: Mines | H33: Cession d'actifs | I33: Entreprise d’État | J33: 3735990 | K33: USD
F34: Autres impôts payés par les entreprises exploitant des ressources naturelles (116E) | G34: Mines | H34: Police des Mines et Hydrocarbures | I34: Autorité fiscale | J34: 1827711.3 | K34: USD
F35: Autres impôts payés par les entreprises exploitant des ressources naturelles (116E) | G35: Mines | H35: Taxe Concentrés | I35: Autorité fiscale | J35: 80077838 | K35: USD
F36: Autres impôts payés par les entreprises exploitant des ressources naturelles (116E) | G36: Mines | H36: Taxe pour exploitation des eaux naturelles et de surface | I36: Autorité fiscale | J36: 368098.21 | K36: USD
F37: Autres impôts payés par les entreprises exploitant des ressources naturelles (116E) | G37: Mines | H37: Taxe sur la reconstruction | I37: Autorité fiscale | J37: 300000 | K37: USD
F38: Autres impôts payés par les entreprises exploitant des ressources naturelles (116E) | G38: Mines | H38: Taxe Voirie et Drainage | I38: Autorité fiscale | J38: 1.0369174e+08 | K38: USD
F39: Autres impôts payés par les entreprises exploitant des ressources naturelles (116E) | G39: Pétrole & Gaz | H39: Autres Paiements Significatifs | I39: Ministère des Hydrocarbures | J39: 0 | K39: USD
F40: Droits de douane et autres droits d’importation (1151E) | G40: Mines | H40: Droits et taxes à l'importation (Totale Quittance) | I40: Autorité fiscale | J40: 4.7865494e+08 | K40: USD
... F50: Frais administratifs pour services gouvernementaux (1422E) | G50: Mines | H50: Droits proportionnels sur augmentation du capital des sociétés | I50: Autorité fiscale | J50: 6919.85 | K50: USD
B51: =IFERROR(VLOOKUP(Government_revenues_table[[#This Row],[Classification SFP]],Table6_GFS_codes_classification[],COLUMNS($F:F)+3,FALSE),"Do not enter data") -> Autre revenu (14E) | C51: =IFERROR(VLOOKUP(Government_revenues_table[[#This Row],[Classification SFP]],Table6_GFS_codes_classification[],COLUMNS($F:G)+3,FALSE),"Do not enter data") -> Ventes de marchandises et de services (142E) | D51: =IFERROR(VLOOKUP(Government_revenues_table[[#This Row],[Classification SFP]],Table6_GFS_codes_classification[],COLUMNS($F:H)+3,FALSE),"Do not enter data") -> Frais administratifs pour services gouvernementaux (1422E) | E51: =IFERROR(VLOOKUP(Government_revenues_table[[#This Row],[Classification SFP]],Table6_GFS_codes_classification[],COLUMNS($F:I)+3,FALSE),"Do not enter data") -> Frais administratifs pour services gouvernementaux (1422E) | F51: Frais administratifs pour services gouvernementaux (1422E) | G51: Mines | H51: Frais administratif de confidentialité | I51: Entreprise d’État | J51: 650000 | K51: USD
B52: =IFERROR(VLOOKUP(Government_revenues_table[[#This Row],[Classification SFP]],Table6_GFS_codes_classification[],COLUMNS($F:F)+3,FALSE),"Do not enter data") -> Autre revenu (14E) | C52: =IFERROR(VLOOKUP(Government_revenues_table[[#This Row],[Classification SFP]],Table6_GFS_codes_classification[],COLUMNS($F:G)+3,FALSE),"Do not enter data") -> Ventes de marchandises et de services (142E) | D52: =IFERROR(VLOOKUP(Government_revenues_table[[#This Row],[Classification SFP]],Table6_GFS_codes_classification[],COLUMNS($F:H)+3,FALSE),"Do not enter data") -> Frais administratifs pour services gouvernementaux (1422E) | E52: =IFERROR(VLOOKUP(Government_revenues_table[[#This Row],[Classification SFP]],Table6_GFS_codes_classification[],COLUMNS($F:I)+3,FALSE),"Do not enter data") -> Frais administratifs pour services gouvernementaux (1422E) | F52: Frais administratifs pour services gouvernementaux (1422E) | G52: Mines | H52: Frais d'Analyses | I52: Ministère des Mines | J52: 17681488 | K52: USD
B53: =IFERROR(VLOOKUP(Government_revenues_table[[#This Row],[Classification SFP]],Table6_GFS_codes_classification[],COLUMNS($F:F)+3,FALSE),"Do not enter data") -> Autre revenu (14E) | C53: =IFERROR(VLOOKUP(Government_revenues_table[[#This Row],[Classification SFP]],Table6_GFS_codes_classification[],COLUMNS($F:G)+3,FALSE),"Do not enter data") -> Ventes de marchandises et de services (142E) | D53: =IFERROR(VLOOKUP(Government_revenues_table[[#This Row],[Classification SFP]],Table6_GFS_codes_classification[],COLUMNS($F:H)+3,FALSE),"Do not enter data") -> Frais administratifs pour services gouvernementaux (1422E) | E53: =IFERROR(VLOOKUP(Government_revenues_table[[#This Row],[Classification SFP]],Table6_GFS_codes_classification[],COLUMNS($F:I)+3,FALSE),"Do not enter data") -> Frais administratifs pour services gouvernementaux (1422E) | F53: Frais administratifs pour services gouvernementaux (1422E) | G53: Mines | H53: Frais de Certification | I53: Ministère des Mines | J53: 7370537.5 | K53: USD
B54: =IFERROR(VLOOKUP(Government_revenues_table[[#This Row],[Classification SFP]],Table6_GFS_codes_classification[],COLUMNS($F:F)+3,FALSE),"Do not enter data") -> Autre revenu (14E) | C54: =IFERROR(VLOOKUP(Government_revenues_table[[#This Row],[Classification SFP]],Table6_GFS_codes_classification[],COLUMNS($F:G)+3,FALSE),"Do not enter data") -> Ventes de marchandises et de services (142E) | D54: =IFERROR(VLOOKUP(Government_revenues_table[[#This Row],[Classification SFP]],Table6_GFS_codes_classification[],COLUMNS($F:H)+3,FALSE),"Do not enter data") -> Frais administratifs pour services gouvernementaux (1422E) | E54: =IFERROR(VLOOKUP(Government_revenues_table[[#This Row],[Classification SFP]],Table6_GFS_codes_classification[],COLUMNS($F:I)+3,FALSE),"Do not enter data") -> Frais administratifs pour services gouvernementaux (1422E) | F54: Frais administratifs pour services gouvernementaux (1422E) | G54: Mines | H54: Frais de Consultance | I54: Entreprise d’État | J54: 13970371 | K54: USD
B55: =IFERROR(VLOOKUP(Government_revenues_table[[#This Row],[Classification SFP]],Table6_GFS_codes_classification[],COLUMNS($F:F)+3,FALSE),"Do not enter data") -> Autre revenu (14E) | C55: =IFERROR(VLOOKUP(Government_revenues_table[[#This Row],[Classification SFP]],Table6_GFS_codes_classification[],COLUMNS($F:G)+3,FALSE),"Do not enter data") -> Ventes de marchandises et de services (142E) | D55: =IFERROR(VLOOKUP(Government_revenues_table[[#This Row],[Classification SFP]],Table6_GFS_codes_classification[],COLUMNS($F:H)+3,FALSE),"Do not enter data") -> Frais administratifs pour services gouvernementaux (1422E) | E55: =IFERROR(VLOOKUP(Government_revenues_table[[#This Row],[Classification SFP]],Table6_GFS_codes_classification[],COLUMNS($F:I)+3,FALSE),"Do not enter data") -> Frais administratifs pour services gouvernementaux (1422E) | F55: Frais administratifs pour services gouvernementaux (1422E) | G55: Mines | H55: Frais de dépôt du dossier de la demande | I55: Ministère des Mines | J55: 0 | K55: USD
B56: =IFERROR(VLOOKUP(Government_revenues_table[[#This Row],[Classification SFP]],Table6_GFS_codes_classification[],COLUMNS($F:F)+3,FALSE),"Do not enter data") -> Autre revenu (14E) | C56: =IFERROR(VLOOKUP(Government_revenues_table[[#This Row],[Classification SFP]],Table6_GFS_codes_classification[],COLUMNS($F:G)+3,FALSE),"Do not enter data") -> Ventes de marchandises et de services (142E) | D56: =IFERROR(VLOOKUP(Government_revenues_table[[#This Row],[Classification SFP]],Table6_GFS_codes_classification[],COLUMNS($F:H)+3,FALSE),"Do not enter data") -> Frais administratifs pour services gouvernementaux (1422E) | E56: =IFERROR(VLOOKUP(Government_revenues_table[[#This Row],[Classification SFP]],Table6_GFS_codes_classification[],COLUMNS($F:I)+3,FALSE),"Do not enter data") -> Frais administratifs pour services gouvernementaux (1422E) | F56: Frais administratifs pour services gouvernementaux (1422E) | G56: Mines | H56: Frais d'instruction | I56: Ministère des Mines | J56: 5903964 | K56: USD
B57: =IFERROR(VLOOKUP(Government_revenues_table[[#This Row],[Classification SFP]],Table6_GFS_codes_classification[],COLUMNS($F:F)+3,FALSE),"Do not enter data") -> Autre revenu (14E) | C57: =IFERROR(VLOOKUP(Government_revenues_table[[#This Row],[Classification SFP]],Table6_GFS_codes_classification[],COLUMNS($F:G)+3,FALSE),"Do not enter data") -> Ventes de marchandises et de services (142E) | D57: =IFERROR(VLOOKUP(Government_revenues_table[[#This Row],[Classification SFP]],Table6_GFS_codes_classification[],COLUMNS($F:H)+3,FALSE),"Do not enter data") -> Frais administratifs pour services gouvernementaux (1422E) | E57: =IFERROR(VLOOKUP(Government_revenues_table[[#This Row],[Classification SFP]],Table6_GFS_codes_classification[],COLUMNS($F:I)+3,FALSE),"Do not enter data") -> Frais administratifs pour services gouvernementaux (1422E) | F57: Frais administratifs pour services gouvernementaux (1422E) | G57: Mines | H57: Redevance annuelle pour entités de traitement et de transformation de toutes catégories et tailleries | I57: Autorité fiscale | J57: 700000 | K57: USD
B58: =IFERROR(VLOOKUP(Government_revenues_table[[#This Row],[Classification SFP]],Table6_GFS_codes_classification[],COLUMNS($F:F)+3,FALSE),"Do not enter data") -> Autre revenu (14E) | C58: =IFERROR(VLOOKUP(Government_revenues_table[[#This Row],[Classification SFP]],Table6_GFS_codes_classification[],COLUMNS($F:G)+3,FALSE),"Do not enter data") -> Ventes de marchandises et de services (142E) | D58: =IFERROR(VLOOKUP(Government_revenues_table[[#This Row],[Classification SFP]],Table6_GFS_codes_classification[],COLUMNS($F:H)+3,FALSE),"Do not enter data") -> Frais administratifs pour services gouvernementaux (1422E) | E58: =IFERROR(VLOOKUP(Government_revenues_table[[#This Row],[Classification SFP]],Table6_GFS_codes_classification[],COLUMNS($F:I)+3,FALSE),"Do not enter data") -> Frais administratifs pour services gouvernementaux (1422E) | F58: Frais administratifs pour services gouvernementaux (1422E) | G58: Mines | H58: Redevance Suivi de change (Pyé à la BCC) | I58: Autre entité de l’État | J58: 0 | K58: USD
B59: =IFERROR(VLOOKUP(Government_revenues_table[[#This Row],[Classification SFP]],Table6_GFS_codes_classification[],COLUMNS($F:F)+3,FALSE),"Do not enter data") -> Autre revenu (14E) | C59: =IFERROR(VLOOKUP(Government_revenues_table[[#This Row],[Classification SFP]],Table6_GFS_codes_classification[],COLUMNS($F:G)+3,FALSE),"Do not enter data") -> Ventes de marchandises et de services (142E) | D59: =IFERROR(VLOOKUP(Government_revenues_table[[#This Row],[Classification SFP]],Table6_GFS_codes_classification[],COLUMNS($F:H)+3,FALSE),"Do not enter data") -> Frais administratifs pour services gouvernementaux (1422E) | E59: =IFERROR(VLOOKUP(Government_revenues_table[[#This Row],[Classification SFP]],Table6_GFS_codes_classification[],COLUMNS($F:I)+3,FALSE),"Do not enter data") -> Frais administratifs pour services gouvernementaux (1422E) | F59: Frais administratifs pour services gouvernementaux (1422E) | G59: Mines | H59: Retenue Redeveance suivi de Change par les banques commerciales | I59: Autre entité de l’État | J59: 6950.95 | K59: USD
B60: =IFERROR(VLOOKUP(Government_revenues_table[[#This Row],[Classification SFP]],Table6_GFS_codes_classification[],COLUMNS($F:F)+3,FALSE),"Do not enter data") -> Autre revenu (14E) | C60: =IFERROR(VLOOKUP(Government_revenues_table[[#This Row],[Classification SFP]],Table6_GFS_codes_classification[],COLUMNS($F:G)+3,FALSE),"Do not enter data") -> Ventes de marchandises et de services (142E) | D60: =IFERROR(VLOOKUP(Government_revenues_table[[#This Row],[Classification SFP]],Table6_GFS_codes_classification[],COLUMNS($F:H)+3,FALSE),"Do not enter data") -> Frais administratifs pour services gouvernementaux (1422E) | E60: =IFERROR(VLOOKUP(Government_revenues_table[[#This Row],[Classification SFP]],Table6_GFS_codes_classification[],COLUMNS($F:I)+3,FALSE),"Do not enter data") -> Frais administratifs pour services gouvernementaux (1422E) | F60: Frais administratifs pour services gouvernementaux (1422E) | G60: Mines | H60: Suivi de l'exécution du PAR,PGE et Audit Environnemental | I60: Ministère de l'Environnement | J60: 131783 | K60: USD
B61: =IFERROR(VLOOKUP(Government_revenues_table[[#This Row],[Classification SFP]],Table6_GFS_codes_classification[],COLUMNS($F:F)+3,FALSE),"Do not enter data") -> Autre revenu (14E) | C61: =IFERROR(VLOOKUP(Government_revenues_table[[#This Row],[Classification SFP]],Table6_GFS_codes_classification[],COLUMNS($F:G)+3,FALSE),"Do not enter data") -> Ventes de marchandises et de services (142E) | D61: =IFERROR(VLOOKUP(Government_revenues_table[[#This Row],[Classification SFP]],Table6_GFS_codes_classification[],COLUMNS($F:H)+3,FALSE),"Do not enter data") -> Frais administratifs pour services gouvernementaux (1422E) | E61: =IFERROR(VLOOKUP(Government_revenues_table[[#This Row],[Classification SFP]],Table6_GFS_codes_classification[],COLUMNS($F:I)+3,FALSE),"Do not enter data") -> Frais administratifs pour services gouvernementaux (1422E) | F61: Frais administratifs pour services gouvernementaux (1422E) | G61: Mines | H61: Taxe 1% sur la valeur réévaluée par le CEEC revenant à la province | I61: Autorité fiscale | J61: 1436549 | K61: USD
B62: =IFERROR(VLOOKUP(Government_revenues_table[[#This Row],[Classification SFP]],Table6_GFS_codes_classification[],COLUMNS($F:F)+3,FALSE),"Do not enter data") -> Autre revenu (14E) | C62: =IFERROR(VLOOKUP(Government_revenues_table[[#This Row],[Classification SFP]],Table6_GFS_codes_classification[],COLUMNS($F:G)+3,FALSE),"Do not enter data") -> Ventes de marchandises et de services (142E) | D62: =IFERROR(VLOOKUP(Government_revenues_table[[#This Row],[Classification SFP]],Table6_GFS_codes_classification[],COLUMNS($F:H)+3,FALSE),"Do not enter data") -> Frais administratifs pour services gouvernementaux (1422E) | E62: =IFERROR(VLOOKUP(Government_revenues_table[[#This Row],[Classification SFP]],Table6_GFS_codes_classification[],COLUMNS($F:I)+3,FALSE),"Do not enter data") -> Frais administratifs pour services gouvernementaux (1422E) | F62: Frais administratifs pour services gouvernementaux (1422E) | G62: Mines | H62: Taxe rémunératoire | I62: Ministère des Mines | J62: 668416 | K62: USD
... B76: =IFERROR(VLOOKUP(Government_revenues_table[[#This Row],[Classification SFP]],Table6_GFS_codes_classification[],COLUMNS($F:F)+3,FALSE),"Do not enter data") -> Impôts (11E) | C76: =IFERROR(VLOOKUP(Government_revenues_table[[#This Row],[Classification SFP]],Table6_GFS_codes_classification[],COLUMNS($F:G)+3,FALSE),"Do not enter data") -> Impôts sur la propriété (113E) | D76: =IFERROR(VLOOKUP(Government_revenues_table[[#This Row],[Classification SFP]],Table6_GFS_codes_classification[],COLUMNS($F:H)+3,FALSE),"Do not enter data") -> Impôts sur la propriété (113E) | E76: =IFERROR(VLOOKUP(Government_revenues_table[[#This Row],[Classification SFP]],Table6_GFS_codes_classification[],COLUMNS($F:I)+3,FALSE),"Do not enter data") -> Impôts sur la propriété (113E) | F76: Impôts sur la propriété (113E) | G76: Mines | H76: Impôt sur la superficie des concessions Minières et des hydrocarbures | I76: Autorité fiscale | J76: 1776670.7 | K76: USD
F77: Impôts sur la propriété (113E) | G77: Mines | H77: Loyers d'Amodiation et/ou rente mensuelle et Indemnisation pour perte des revenus escomptés à titre de contrat d’amodiation | I77: Entreprise d’État | J77: 16632570 | K77: USD
B78: =IFERROR(VLOOKUP(Government_revenues_table[[#This Row],[Classification SFP]],Table6_GFS_codes_classification[],COLUMNS($F:F)+3,FALSE),"Do not enter data") -> Impôts (11E) | C78: =IFERROR(VLOOKUP(Government_revenues_table[[#This Row],[Classification SFP]],Table6_GFS_codes_classification[],COLUMNS($F:G)+3,FALSE),"Do not enter data") -> Impôts sur la propriété (113E) | D78: =IFERROR(VLOOKUP(Government_revenues_table[[#This Row],[Classification SFP]],Table6_GFS_codes_classification[],COLUMNS($F:H)+3,FALSE),"Do not enter data") -> Impôts sur la propriété (113E) | E78: =IFERROR(VLOOKUP(Government_revenues_table[[#This Row],[Classification SFP]],Table6_GFS_codes_classification[],COLUMNS($F:I)+3,FALSE),"Do not enter data") -> Impôts sur la propriété (113E) | F78: Impôts sur la propriété (113E) | G78: Mines | H78: Prestation des services | I78: Entreprise d’État | J78: 8872192.8 | K78: USD
F79: Impôts sur la propriété (113E) | G79: Pétrole & Gaz | H79: Dividendes des Entreprises publiques | I79: Entreprise d’État | J79: 1834015.8 | K79: USD
F80: Primes (1415E2) | G80: Pétrole & Gaz | H80: Bonus de Renouvellement de la Concession | I80: Autorité fiscale | J80: 20174102 | K80: USD
F81: Primes (1415E2) | G81: Pétrole & Gaz | H81: Bonus de signature | I81: Autorité fiscale | J81: 5000000 | K81: USD
F82: Redevances (1415E1) | G82: Mines | H82: Redevance minière : quote-part ETD (15%) | I82: Autorité fiscale | J82: 1.4627641e+08 | K82: USD
F83: Redevances (1415E1) | G83: Mines | H83: Redevance Minière: Quote-part Province (25%) | I83: Autorité fiscale | J83: 2.2746682e+08 | K83: USD
F84: Redevances (1415E1) | G84: Mines | H84: Redevance Minière: Quote-part Trésor (50%) | I84: Autorité fiscale | J84: 5.0034878e+08 | K84: USD
F85: Redevances (1415E1) | G85: Mines | H85: Redevances minières: FOMIN (10%) | I85: Autre entité de l’État | J85: 0 | K85: USD
F86: Redevances (1415E1) | G86: Mines | H86: Rétrocession | I86: Autorité fiscale | J86: 17396634 | K86: USD
F87: Redevances (1415E1) | G87: Mines | H87: Royalties : Quote-part Trésor (50%) | I87: Autorité fiscale | J87: 24626498 | K87: USD
F88: Redevances (1415E1) | G88: Mines | H88: Royalties versées aux Entreprises Publiques | I88: Entreprise d’État | J88: 51057953 | K88: USD
F89: Redevances (1415E1) | G89: Pétrole & Gaz | H89: Marge distribuable(Profit-Oil Etat Puissance Publique) | I89: Autorité fiscale | J89: 89284666 | K89: USD
F90: Redevances (1415E1) | G90: Pétrole & Gaz | H90: Redevance Superficiaire/Frais de passage | I90: Autorité fiscale | J90: 5119396.8 | K90: USD
... F99: Taxes sur les véhicules à moteur (11451E) | G99: Mines | H99: Impôt sur le Véhicule (Vignette & TCSR) | I99: Autorité fiscale | J99: 935752.7 | K99: USD
I102: Total en USD | J102: =SUM(Government_revenues_table[Valeur des revenus]) -> 4.1289201e+09
I104: ="Total en "&'Partie 1 - Présentation'!$E$50 -> Total en CDF | J104: =IF('Partie 1 - Présentation'!$E$50="USD",0,SUMIF(Government_revenues_table[Devise],'Partie 1 - Présentation'!$E$50,Government_revenues_table[Valeur des revenus]))+(IFERROR(SUMIF(Government_revenues_table[Devise],"USD",Government_revenues_table[Valeur des revenus])*'Partie 1 - Présentation'!$E$51,0)) -> 0
F108: Informations supplémentaires
F109: Ajouter ci-dessous, à titre de commentaire, toute information supplémentaire qu’il ne serait pas judicieux d’inclure dans le tableau ci-dessus.
F112: Commentaire 1 | G112: Veuillez inclure des commentaires ici.
F113: Commentaire 2 | G113: Insérer au besoin des lignes supplémentaires :
G114: Secteur | H114: Nom du flux de revenus | I114: Entité de l’État | J114: Valeur des revenus | K114: Devise
G115: Pétrole | H115: Retenue salariale | I115: Autorité fiscale | J115: 987654321 | K115: USD
G116: Mines | H116: Retenue à la source | I116: Autorité fiscale | J116: 123456 | K116: USD
G117: Total | J117: =SUM(J115:J116) -> 987777777 | K117: USD
F118: Commentaire 3 | G118: Veuillez inclure tout commentaire ici.
F119: Commentaire 4 | G119: Veuillez inclure tout commentaire ici.
F120: Commentaire 5 | G120: Veuillez inclure tout commentaire ici.
B130: Pour plus d’information sur l’ITIE, visitez notre site Internet https://eiti.org/fr
B131: Vous voulez en savoir plus sur votre pays ? Vérifiez si votre pays met en œuvre la Norme ITIE en visitant https://eiti.org/fr/pays
B132: Pour la version la plus récente des modèles de données résumées, consultez https://eiti.org/fr/document/modele-donnees-resumees-itie
B133: Faites-nous connaître vos réactions ou signalez tout conflit au niveau des données ! Écrivez-nous à data@eiti.org
F135: Site Internet www.eiti.org Courriel secretariat@eiti.org Téléphone +47 22 20 08 00 Télécopieur +47 22 83 08 02
F136: Adresse EITI International Secretariat, Rådhusgata 26, 0151 Oslo, Norvège

Sheet Partie 5 - Données d’entreprise
C2: Partie 5 (Données d’entreprise) Elle contient des données venant des entreprises - et du niveau projet - par flux de revenus. Les entreprises et projets sont indiqués sur le menu déroulant car ils ont été saisis sur la feuille 3.
C3: Comment remplir cette feuille :
C4: 1. Sélectionnez le nom de l’entreprise sur le menu déroulant
C5: 2. Sélectionnez l’entité collectrice de l’État et le nom du paiement sur le menu déroulant
C6: 3. Indiquez si le flux de paiements est (i) perçu par projet et (ii) déclaré par projet
C7: 4. Inscrivez l’information de projet : nom du projet et devise de déclaration
C8: 5. Inscrivez la valeur des revenus telle que divulguée par le gouvernement et ajoutez tout commentaire pertinent.
C9: Si vous avez des questions, veuillez contacter data@eiti.org
C11: Recettes de l’État par entreprise et projet
C13: Exigence ITIE 4.1.c: Paiements des entreprises ; Exigence ITIE 4.7: Déclaration par projet
B14: Secteur | C14: Entreprise | D14: Entité de l’État | E14: Nom du paiement | F14: Perçu par projet (O/N) | G14: Déclaré par projet (O/N) | H14: Nom du projet | I14: Devise de déclaration | J14: Valeur de revenus | K14: Paiement effectué en nature? | L14: Volume en nature (si applicable) | M14: Unité (si applicable) | N14: Commentaires
C15: ACACIA SPRL | D15: Autorité fiscale | E15: Paiement de type A | I15: USD | J15: 3974.28
C16: ADUMBI | D16: Autorité fiscale | E16: Droits de licence | I16: USD | J16: 228069.78
C17: ADUMBI | D17: Ministère des Mines | E17: Droits de licence | I17: USD | J17: 228069.78
C18: ADUMBI | D18: Ministère des Mines | E18: Paiement de type A | I18: USD | J18: 4000
C19: ADUMBI | D19: Autorité fiscale | E19: Paiement de type B | I19: USD | J19: 3155.28
C20: ADUMBI | D20: Autorité fiscale | E20: Paiement de type A | I20: USD | J20: 744.65
C21: ADUMBI | D21: Autorité fiscale | E21: Impôt sur le bénéfice extractif | I21: USD | J21: 0
C22: ADVANCE INDUSTRY CONGO SARL | D22: Ministère des Mines | E22: Paiement de type A | I22: USD | J22: 10800
C23: ADVANCE INDUSTRY CONGO SARL | D23: Ministère des Mines | E23: Droits de licence | I23: USD | J23: 1.46
C24: AEL INTELLIGENT BLASTING | D24: Autorité fiscale | E24: Paiement de type A | I24: USD | J24: 5467
C25: AFRICA EQUITY & INVESTMENT GROUP SARL | D25: Autorité fiscale | E25: Droits de licence | I25: USD | J25: 2904.35
C26: AFRICA EQUITY & INVESTMENT GROUP SARL | D26: Ministère des Mines | E26: Droits de licence | I26: USD | J26: 2904.35
... C1715: ZIKAR GHANDOUR | D1715: Autorité fiscale | E1715: Paiement de type A | I1715: USD | J1715: 5298.2
B1716: =VLOOKUP(C1716,Companies[],3,FALSE) -> #N/A | C1716: Ajoutez de nouvelles lignes au besoin, effectuez un clic droit sur le numéro de ligne à gauche, puis sélectionnez « Insérer »
I1718: Total en USD | K1718: =SUMIF(Table10[Devise de déclaration],"USD",Table10[Valeur de revenus])+(IFERROR(SUMIF(Table10[Devise de déclaration],"<>USD",Table10[Valeur de revenus])/'Partie 1 - Présentation'!$E$51,0)) -> 4.1289201e+09
I1720: ="Total en "&'Partie 1 - Présentation'!$E$50 -> Total en CDF | K1720: =IF('Partie 1 - Présentation'!$E$50="USD",0,SUMIF(Table10[Devise de déclaration],'Partie 1 - Présentation'!$E$50,Table10[Valeur de revenus]))+(IFERROR(SUMIF(Table10[Devise de déclaration],"USD",Table10[Valeur de revenus])*'Partie 1 - Présentation'!$E$51,0)) -> 0
C1722: AJOUTER UN SECTEUR
C1723: Informations supplémentaires
C1724: Ajouter ci-dessous, à titre de commentaire, toute information supplémentaire qu’il ne serait pas nécessaire d’inclure dans le tableau ci-dessus.
J1725: )
C1726: Comment | D1726: Veuillez inclure tout commentaire ici.
C1727: Comment | D1727: Veuillez inclure tout commentaire ici.
C1728: Comment | D1728: Veuillez inclure tout commentaire ici.
C1729: Comment | D1729: Veuillez inclure tout commentaire ici.
C1730: Comment | D1730: Ajoutez de nouvelles lignes au besoin, effectuez un clic droit sur le numéro de ligne à gauche, puis sélectionnez « Insérer »
C1734: Pour plus d’information sur l’ITIE, visitez notre site Internet https://eiti.org/fr
C1735: Vous voulez en savoir plus sur votre pays ? Vérifiez si votre pays met en œuvre la Norme ITIE en visitant https://eiti.org/fr/pays
C1736: Pour la version la plus récente des modèles de données résumées, consultez https://eiti.org/fr/document/modele-donnees-resumees-itie
C1737: Faites-nous connaître vos réactions ou signalez tout conflit au niveau des données ! Écrivez-nous à data@eiti.org
C1739: Site Internet www.eiti.org Courriel secretariat@eiti.org Téléphone +47 22 20 08 00 Télécopieur +47 22 83 08 02
C1740: Adresse EITI International Secretariat, Rådhusgata 26, 0151 Oslo, Norvège

Sheet Listes
A1: Tableau 1 - Codes de pays | I1: Tableau 2 - Options simples | K1: Tableau 3 - Options de déclaration | N1: Tableau 5 - Liste de matières premières | S1: Tableau 6 - Codes/Classification GFS | AA1: Tableau 7 - Secteurs | AC1: Tableau 8 - Phases de projet | AE1: Tableau 9 - Types d'agences gouvernementales
A2: Nom de pays ou région | B2: Code ISO de pays (alpha 2) | C2: Code ISO de devise (alpha 3) | D2: Code numérique ISO (UN M49) | E2: Code de devise (ISO 4217) | F2: Code numérique de devise (ISO 4217) | G2: Devise | I2: Liste | K2: Liste | N2: Code de produit HS | O2: Description de produit HS | P2: Description de produit HS av. volume | S2: Combiné | T2: Codes GFS des flux de revenus issus des entreprises extractives | U2: Code GFS | V2: GFS Niveau 1 | W2: GFS Niveau 2 | X2: GFS Niveau 3 | Y2: GFS Niveau 4 | AA2: Secteur (s) | AC2: Étapes du projet | AE2: Type d'Agence
A3: Afghanistan | B3: AF | C3: AFG | D3: 4 | E3: AFN | F3: 971 | G3: Afghani afghan | I3: <Sélectionner l’option> | K3: <Rapportage ITIE ou divulgation systématique?> | N3: 2606 | O3: Aluminium (2606) | P3: Aluminium (2606), volume | S3: Impôts ordinaires sur le revenu, le bénéfice et les plus-values (1112E1) | T3: Impôts ordinaires sur le revenu, le bénéfice et les plus-values | U3: 1112E1 | V3: Impôts (11E) | W3: Impôts sur le revenu, le bénéfice et les plus-values | X3: Impôts ordinaires sur le revenu, le bénéfice et les plus-values (1112E1) | Y3: Impôts ordinaires sur le revenu, le bénéfice et les plus-values (1112E1) | AA3: <Sélectionner le secteur> | AC3: <Sélectionner l’étape> | AE3: Administration centrale
A4: Afrique du Sud | B4: ZA | C4: ZAF | D4: 710 | E4: ZAR | F4: 710 | G4: Rand sud-africain | I4: Oui | K4: Oui, divulgation systématique | N4: 2524 | O4: Amiante (2524) | P4: Amiante (2524), volume | S4: Impôts extraordinaires sur le revenu, le bénéfice et les plus-values (1112E2) | T4: Impôts extraordinaires sur le revenu, le bénéfice et les plus-values | U4: 1112E2 | V4: Impôts (11E) | W4: Impôts sur le revenu, le bénéfice et les plus-values (111E) | X4: Impôts extraordinaires sur le revenu, le bénéfice et les plus-values (1112E2) | Y4: Impôts extraordinaires sur le revenu, le bénéfice et les plus-values (1112E2) | AA4: Pétrole | AC4: Prospection | AE4: Administration d'Etat fédéré
A5: Albanie | B5: AL | C5: ALB | D5: 8 | E5: ALL | F5: 8 | G5: Lek albanais | I5: Partiellement | K5: Oui, à travers le rapportage ITIE | N5: 2514 | O5: Ardoise (2514) | P5: Ardoise (2514), volume | S5: Impôts sur la masse salariale et la force de travail (112E) | T5: Impôts sur la masse salariale et la force de travail | U5: 112E | V5: Impôts (11E) | W5: Impôts sur la masse salariale et la force de travail (112E) | X5: Impôts sur la masse salariale et la force de travail (112E) | Y5: Impôts sur la masse salariale et la force de travail (112E) | AA5: Gaz | AC5: Production | AE5: Administration locale
A6: Algérie | B6: DZ | C6: DZA | D6: 12 | E6: DZD | F6: 12 | G6: Dinar algérien | I6: Non | K6: Sans objet. | N6: 7106 | O6: Argent (7106) | P6: Argent (7106), volume | S6: Impôts sur la propriété (113E) | T6: Impôts sur la propriété | U6: 113E | V6: Impôts (11E) | W6: Impôts sur la propriété (113E) | X6: Impôts sur la propriété (113E) | Y6: Impôts sur la propriété (113E) | AA6: Minier | AC6: Développement | AE6: Société publique financière et Entreprise d'Etat
A7: Allemagne | B7: DE | C7: DEU | D7: 276 | E7: EUR | F7: 978 | G7: Euro | I7: Sans objet | K7: Non disponible | N7: 7202 | O7: Ferro-alliages (7202) | P7: Ferro-alliages (7202), volume | S7: Impôts généraux sur les biens et services (TVA, taxes sur les ventes, taxes sur le chiffre d’affaires)(1141E) | T7: Impôts généraux sur les biens et services (TVA, taxes sur les ventes, taxes sur le chiffre d’affaires) | U7: 1141E | V7: Impôts (11E) | W7: Impôts sur les biens et services (114E) | X7: Impôts généraux sur les biens et services (TVA, taxes sur les ventes, taxes sur le chiffre d’affaires (1141E) | Y7: Impôts généraux sur les biens et services (TVA, taxes sur les ventes, taxes sur le chiffre d’affaires (1141E) | AA7: Sans objet | AC7: Autres | AE7: Autre
A8: Andorre | B8: AD | C8: AND | D8: 20 | E8: EUR | F8: 978 | G8: Euro | N8: 2509 | O8: Argile (2509) | P8: Argile (2509), volume | S8: Droits d’accise (1142E) | T8: Droits d’accise | U8: 1142E | V8: Impôts (11E) | W8: Impôts sur les biens et services (114E) | X8: Droits d’accise (1142E) | Y8: Droits d’accise (1142E) | AA8: Pétrole & Gaz | AC8: Sans objet
A9: Angola | B9: AO | C9: AGO | D9: 24 | E9: AOA | F9: 973 | G9: Kwanza angolais | I9: Tableau 4 - Liste des codes de devise | N9: 2617 | O9: Autres (2617) | P9: Autres (2617), volume | S9: Droits de licence (114521E) | T9: Droits de licence | U9: 114521E | V9: Impôts (11E) | W9: Impôts sur les biens et services (114E) | X9: Impôts sur l’usage de biens/permission d’utiliser des biens ou d’exécuter des activités (1145E) | Y9: Droits de licence (114521E) | AA9: Autres
A10: Anguilla | B10: AI | C10: AIA | D10: 660 | E10: XCD | F10: 951 | G10: Dollar des Caraïbes orientales | I10: Code de devise (ISO 4217) | J10: Code numérique de devise (ISO 4217) | K10: Devise | N10: 2508 | O10: Autres argiles (2508) | P10: Autres argiles (2508), volume | S10: Taxes sur les émissions et la pollution (114522E) | T10: Taxes sur les émissions et la pollution | U10: 114522E | V10: Impôts (11E) | W10: Impôts sur les biens et services (114E) | X10: Impôts sur l’usage de biens/permission d’utiliser des biens ou d’exécuter des activités (1145E) | Y10: Taxes sur les émissions et la pollution (114522E)
A11: Antigua et Barbuda | B11: AG | C11: ATG | D11: 28 | E11: XCD | F11: 951 | G11: Dollar des Caraïbes orientales | I11: AED | J11: 784 | K11: Dirham des émirats arabes unis | N11: 2621 | O11: Autres cendres et mâchefer (2621) | P11: Autres cendres et mâchefer (2621), volume | S11: Taxes sur les véhicules à moteur (11451E) | T11: Taxes sur les véhicules à moteur | U11: 11451E | V11: Impôts (11E) | W11: Impôts sur les biens et services (114E) | X11: Impôts sur l’usage de biens/permission d’utiliser des biens ou d’exécuter des activités (1145E) | Y11: Taxes sur les véhicules à moteur (11451E)
A12: Antilles néerlandaises | B12: AN | C12: ANT | D12: 530 | E12: ANG | F12: 532 | G12: Florin des Antilles néerlandaises | I12: AFN | J12: 971 | K12: Afghani afghan | N12: 2714 | O12: Bitume et asphalte (2714) | P12: Bitume et asphalte (2714), volume | S12: Droits de douane et autres droits d’importation (1151E) | T12: Droits de douane et autres droits d’importation | U12: 1151E | V12: Impôts (11E) | W12: Taxes sur le commerce et les transactions au niveau international (115E) | X12: Droits de douane et autres droits d’importation (1151E) | Y12: Droits de douane et autres droits d’importation (1151E)
A13: Arabie saoudite | B13: SA | C13: SAU | D13: 682 | E13: SAR | F13: 682 | G13: Rial saoudite | I13: ALL | J13: 8 | K13: Lek albanais | N13: 2528 | O13: Borates et concentrés naturels (2528) | P13: Borates et concentrés naturels (2528), volume | S13: Taxes sur les exportations (1152E) | T13: Taxes sur les exportations | U13: 1152E | V13: Impôts (11E) | W13: Taxes sur le commerce et les transactions au niveau international (115E) | X13: Taxes sur les exportations (1152E) | Y13: Taxes sur les exportations (1152E)
A14: Argentine | B14: AR | C14: ARG | D14: 32 | E14: ARS | F14: 32 | G14: Peso argentin | I14: AMD | J14: 51 | K14: Dram arménien | N14: 2517 | O14: Cailloux (2517) | P14: Cailloux (2517), volume | S14: Bénéfices des monopoles fiscaux sur les ressources naturelles (1153E1) | T14: Bénéfices des monopoles fiscaux sur les ressources naturelles | U14: 1153E1 | V14: Impôts (11E) | W14: Taxes sur le commerce et les transactions au niveau international (115E) | X14: Bénéfices des monopoles fiscaux sur les ressources naturelles (1153E1) | Y14: Bénéfices des monopoles fiscaux sur les ressources naturelles (1153E1)
A15: Arménie | B15: AM | C15: ARM | D15: 51 | E15: AMD | F15: 51 | G15: Dram arménien | I15: ANG | J15: 532 | K15: Florin des Antilles néerlandaises | N15: 2521 | O15: Calcaire (2521) | P15: Calcaire (2521), volume | S15: Autres impôts payés par les entreprises exploitant des ressources naturelles (116E) | T15: Autres impôts payés par les entreprises exploitant des ressources naturelles | U15: 116E | V15: Impôts (11E) | W15: Autres impôts payés par les entreprises exploitant des ressources naturelles (116E) | X15: Autres impôts payés par les entreprises exploitant des ressources naturelles (116E) | Y15: Autres impôts payés par les entreprises exploitant des ressources naturelles (116E)
A16: Aruba | B16: AW | C16: ABW | D16: 533 | E16: AWG | F16: 533 | G16: Florin d’Aruba | I16: AOA | J16: 973 | K16: Kwanza angolais | N16: 2519 | O16: Carbonate de magnésium naturel (2519) | P16: Carbonate de magnésium naturel (2519), volume | S16: Cotisations patronales à la sécurité sociale (1212E) | T16: Cotisations patronales à la sécurité sociale | U16: 1212E | V16: Cotisations sociales (12E) | W16: Cotisations patronales à la sécurité sociale (1212E) | X16: Cotisations patronales à la sécurité sociale (1212E) | Y16: Cotisations patronales à la sécurité sociale (1212E)
A17: Australie | B17: AU | C17: AUS | D17: 36 | E17: AUD | F17: 36 | G17: Dollar australien | I17: ARS | J17: 32 | K17: Peso argentin | N17: 2620 | O17: Cendres et résidus (2620) | P17: Cendres et résidus (2620), volume | S17: Des entreprises d’État (1412E1) | T17: Des entreprises d’État | U17: 1412E1 | V17: Autre revenu (14E) | W17: Revenu dégagé de la propriété (141E) | X17: Dividendes (1412E) | Y17: Des entreprises d’État (1412E1)
A18: Autriche | B18: AT | C18: AUT | D18: 40 | E18: EUR | F18: 978 | G18: Euro | I18: AUD | J18: 36 | K18: Dollar australien | N18: 2701 | O18: Charbon (2701) | P18: Charbon (2701), volume | S18: Provenant de la participation de l’État (1412E2) | T18: Provenant de la participation de l’État | U18: 1412E2 | V18: Autre revenu (14E) | W18: Revenu dégagé de la propriété (141E) | X18: Dividendes (1412E) | Y18: Provenant de la participation de l’État (1412E2)
A19: Azerbaïdjan | B19: AZ | C19: AZE | D19: 31 | E19: AZN | F19: 944 | G19: Manat azéri | I19: AWG | J19: 533 | K19: Florin d’Aruba | N19: 2522 | O19: Chaux vive (2522) | P19: Chaux vive (2522), volume | S19: Retraits à partir du revenu de quasi-sociétés (1413E) | T19: Retraits à partir du revenu de quasi-sociétés | U19: 1413E | V19: Autre revenu (14E) | W19: Revenu dégagé de la propriété (141E) | X19: Retraits à partir du revenu de quasi-sociétés (1413E) | Y19: Retraits à partir du revenu de quasi-sociétés (1413E)
A20: Bahamas | B20: BS | C20: BHS | D20: 44 | E20: BSD | F20: 44 | G20: Dollar bahamien | I20: AZN | J20: 944 | K20: Manat azéri | N20: 2610 | O20: Chrome (2610) | P20: Chrome (2610), volume | S20: Redevances (1415E1) | T20: Redevances | U20: 1415E1 | V20: Autre revenu (14E) | W20: Revenu dégagé de la propriété (141E) | X20: Loyers (1415E) | Y20: Redevances (1415E1)
A21: Bahreïn | B21: BH | C21: BHR | D21: 48 | E21: BHD | F21: 48 | G21: Dinar de Bahreïn | I21: BAM | J21: 977 | K21: Mark convertible de Bosnie-Herzégovine | N21: 2523 | O21: Ciment Portland (2523) | P21: Ciment Portland (2523), volume | S21: Primes (1415E2) | T21: Primes | U21: 1415E2 | V21: Autre revenu (14E) | W21: Revenu dégagé de la propriété (141E) | X21: Loyers (1415E) | Y21: Primes (1415E2)
A22: Bangladesh | B22: BD | C22: BGD | D22: 50 | E22: BDT | F22: 50 | G22: Taka bangladeshi | I22: BBD | J22: 52 | K22: Dollar de la Barbade | N22: 2605 | O22: Cobalt (2605) | P22: Cobalt (2605), volume | S22: Livré/payé directement à l’État (1415E31) | T22: Livré/payé directement à l’État | U22: 1415E31 | V22: Autre revenu (14E) | W22: Revenu dégagé de la propriété (141E) | X22: Loyers (1415E) | Y22: Droits sur la production (en nature ou en espèces)(1415E3)
... A30: Bolivie | B30: BO | C30: BOL | D30: 68 | E30: BOB | F30: 68 | G30: Boliviano bolivien | I30: BRL | J30: 986 | K30: Réal brésilien | N30: 2609 | O30: Étain (2609) | P30: Étain (2609), volume | S30: <Sélectionner à partir du menu> | T30: <Sélectionner à partir du menu> | U30: <Sélectionner à partir du menu> | V30: <Sélectionner à partir du menu> | W30: <Sélectionner à partir du menu> | X30: <Sélectionner à partir du menu> | Y30: <Sélectionner à partir du menu>
A31: Bosnie-Herzégovine | B31: BA | C31: BIH | D31: 70 | E31: BAM | F31: 977 | G31: Mark convertible de Bosnie-Herzégovine | I31: BSD | J31: 44 | K31: Dollar bahamien | N31: 2512 | O31: Farines siliceuses fossiles (2512) | P31: Farines siliceuses fossiles (2512), volume
A32: Botswana | B32: BW | C32: BWA | D32: 72 | E32: BWP | F32: 72 | G32: Pula du Botswana | I32: BTN | J32: 64 | K32: Nutum du Bhoutan | N32: 2529 | O32: Feldspath (2529) | P32: Feldspath (2529), volume
A33: Brésil | B33: BR | C33: BRA | D33: 76 | E33: BRL | F33: 986 | G33: Réal brésilien | I33: BWP | J33: 72 | K33: Pula du Botswana | N33: 2601 | O33: Fer (2601) | P33: Fer (2601), volume
A34: Bulgarie | B34: BG | C34: BGR | D34: 100 | E34: BGN | F34: 975 | G34: Lev bulgare (ancien) | I34: BYR | J34: 974 | K34: Rouble de Belarus | N34: 2705 | O34: Gaz de charbon (2705) | P34: Gaz de charbon (2705), volume
A35: Burkina Faso | B35: BF | C35: BFA | D35: 854 | E35: XOF | F35: 952 | G35: Franc CFA d’Afrique de l’Ouest | I35: BZD | J35: 84 | K35: Dollar de Belize | N35: 2711 | O35: Gaz naturel (2711) | P35: Gaz naturel (2711), volume
A36: Burundi | B36: BI | C36: BDI | D36: 108 | E36: BIF | F36: 108 | G36: Franc du Burundi | I36: CAD | J36: 124 | K36: Dollar canadien | N36: 2712 | O36: Gelée de pétrole (2712) | P36: Gelée de pétrole (2712), volume
A37: Cambodge | B37: KH | C37: KHM | D37: 116 | E37: KHR | F37: 116 | G37: Riel cambodgien | I37: CDF | J37: 976 | K37: Franc congolais | N37: 2706 | O37: Goudron distillé à partir de charbon (2706) | P37: Goudron distillé à partir de charbon (2706), volume
A38: Cameroun | B38: CM | C38: CMR | D38: 120 | E38: XAF | F38: 950 | G38: Franc CFA d’Afrique centrale | I38: CHF | J38: 756 | K38: Franc suisse | N38: 2516 | O38: Granite (2516) | P38: Granite (2516), volume
A39: Canada | B39: CA | C39: CAN | D39: 124 | E39: CAD | F39: 124 | G39: Dollar canadien | I39: CLF | J39: 990 | K39: Unidad de Fomento chilien | N39: 2504 | O39: Graphite naturel (2504) | P39: Graphite naturel (2504), volume
A40: Cap Vert | B40: CV | C40: CPV | D40: 132 | E40: CVE | F40: 132 | G40: Escudo cap-verdien | I40: CNH | J40: 0 | K40: Yuan renminbi chinois (off-shore) | N40: 2520 | O40: Gypse (2520) | P40: Gypse (2520), volume
A41: Chili | B41: CL | C41: CHL | D41: 152 | E41: CLF | F41: 990 | G41: Unidad de Fomento chilien | I41: COP | J41: 170 | K41: Peso colombien | N41: 2710 | O41: Huiles de pétrole hors pétrole brut (2710) | P41: Huiles de pétrole hors pétrole brut (2710), volume
A42: Chine | B42: CN | C42: CHN | D42: 156 | E42: CNH | F42: 0 | G42: Yuan renminbi chinois (off-shore) | I42: CRC | J42: 188 | K42: Colon costaricain | N42: 2507 | O42: Kaolin (2507) | P42: Kaolin (2507), volume
... A71: Géorgie | B71: GE | C71: GEO | D71: 268 | E71: GEL | F71: 981 | G71: Lari géorgien | I71: ILS | J71: 376 | K71: Nouveau shekel israélien | N71: 2611 | O71: Tungstène (2611) | P71: Tungstène (2611), volume
A72: Géorgie du Sud et les Îles Sandwich du Sud | B72: GS | C72: SGS | D72: 239 | I72: IMP | J72: 0 | K72: Livre de l’Île de Man | N72: 2612 | O72: Uranium ou thorium (2612) | P72: Uranium ou thorium (2612), volume
A73: Ghana | B73: GH | C73: GHA | D73: 288 | E73: GHS | F73: 936 | G73: Cedi ghanéen | I73: INR | J73: 356 | K73: Roupie indienne | N73: 2608 | O73: Zinc (2608) | P73: Zinc (2608), volume
A74: Gibraltar | B74: GI | C74: GIB | D74: 292 | E74: GIP | F74: 292 | G74: Livre de Gibraltar | I74: IQD | J74: 368 | K74: Dinar irakien | N74: 7103 | O74: Pierres gemmes (précieuses ou fines) autres que les diamants (7103) | P74: Pierres gemmes (précieuses ou fines) autres que les diamants (7103), volume
A75: Grèce | B75: GR | C75: GRC | D75: 300 | E75: EUR | F75: 978 | G75: Euro | I75: IRR | J75: 364 | K75: Rial iranien
A76: Grenade | B76: GD | C76: GRD | D76: 308 | E76: XCD | F76: 951 | G76: Dollar des Caraïbes orientales | I76: ISK | J76: 352 | K76: Couronne islandaise
A77: Groenland | B77: GL | C77: GRL | D77: 304 | E77: DKK | F77: 208 | G77: Couronne danoise | I77: JEP | J77: 0 | K77: Livre de Jersey
A78: Guadeloupe | B78: GP | C78: GLP | D78: 312 | E78: EUR | F78: 978 | G78: Euro | I78: JMD | J78: 388 | K78: Dollar de la Jamaïque
A79: Guam | B79: GU | C79: GUM | D79: 316 | E79: USD | F79: 840 | G79: Dollar des États-Unis | I79: JOD | J79: 400 | K79: Dinar jordanien
A80: Guatemala | B80: GT | C80: GTM | D80: 320 | E80: GTQ | F80: 320 | G80: Quetzal guatémaltèque | I80: JPY | J80: 392 | K80: Yen japonais
A81: Guernesey | B81: GG | C81: GGY | D81: 831 | E81: GGP | F81: 0 | G81: Livre | I81: KES | J81: 404 | K81: Shilling kenyan
A82: Guinée | B82: GN | C82: GIN | D82: 324 | E82: GNF | F82: 324 | G82: Franc guinéen | I82: KGS | J82: 417 | K82: Sum kirghize
A83: Guinée équatoriale | B83: GQ | C83: GNQ | D83: 226 | E83: XAF | F83: 950 | G83: Franc CFA d’Afrique centrale | I83: KHR | J83: 116 | K83: Riel cambodgien
A84: Guinée-Bissau | B84: GW | C84: GNB | D84: 624 | E84: XOF | F84: 952 | G84: Franc CFA d’Afrique de l’Ouest | I84: KMF | J84: 174 | K84: Franc comorien
A85: Guyana | B85: GY | C85: GUY | D85: 328 | E85: GYD | F85: 328 | G85: Dollar guyanais | I85: KPW | J85: 408 | K85: Won nord-coréen
A86: Guyane française | B86: GF | C86: GUF | D86: 254 | E86: EUR | F86: 978 | G86: Euro | I86: KRW | J86: 410 | K86: Won sud-coréen
... A93: Îles Féroé | B93: FO | C93: FRO | D93: 234 | E93: DKK | F93: 208 | G93: Couronne danoise | I93: LRD | J93: 430 | K93: Dollar du Libéria
A94: Îles Heard et McDonald | B94: HM | C94: HMD | D94: 334 | I94: LSL | J94: 426 | K94: Loti du Lesotho
A95: Îles Keeling | B95: CC | C95: CCK | D95: 166 | E95: AUD | F95: 36 | G95: Dollar australien | I95: LYD | J95: 434 | K95: Dinar libyen
A96: Îles Marianne septentrionales | B96: MP | C96: MNP | D96: 580 | E96: USD | F96: 840 | G96: Dollar des États-Unis | I96: MAD | J96: 504 | K96: Dirham marocain
A97: Îles Marshall | B97: MH | C97: MHL | D97: 584 | E97: USD | F97: 840 | G97: Dollar des États-Unis | I97: MDL | J97: 498 | K97: Leu moldave
A98: Îles Norfolk | B98: NF | C98: NFK | D98: 574 | I98: MGA | J98: 969 | K98: Ariary malgache
A99: Îles Salomon | B99: KY | C99: CYM | D99: 136 | E99: KYD | F99: 136 | G99: Dollar des Îles Caïman | I99: MKD | J99: 807 | K99: Denar macédonien
A100: Îles Salomon | B100: SB | C100: SLB | D100: 90 | E100: SBD | F100: 90 | G100: Dollar des Îles Salomon | I100: MMK | J100: 104 | K100: Kyat birman
A101: Îles Svalbard et Jan Mayen | B101: SJ | C101: SJM | D101: 744 | I101: MNT | J101: 496 | K101: Tugrik mongole
A102: Îles Turques et Caïques | B102: TC | C102: TCA | D102: 796 | E102: USD | F102: 840 | G102: Dollar des États-Unis | I102: MOP | J102: 446 | K102: Patca de Macao
A103: Îles Vierges britanniques | B103: VG | C103: VGB | D103: 92 | E103: USD | F103: 840 | G103: Dollar des États-Unis | I103: MRO | J103: 478 | K103: Ouguiya mauritanien
A104: Îles Vierges, États-Unis | B104: VI | C104: VIR | D104: 850 | E104: USD | F104: 840 | G104: Dollar des États-Unis | I104: MUR | J104: 480 | K104: Roupie mauricienne
A105: Îles Wallis et Futuna | B105: WF | C105: WLF | D105: 876 | I105: MVR | J105: 462 | K105: Rufiyaa des Maldives
A106: Îles Åland | B106: AX | C106: ALA | D106: 248 | E106: EUR | F106: 978 | G106: Euro | I106: MWK | J106: 454 | K106: Kwacha du Malawi
A107: Inde | B107: IN | C107: IND | D107: 356 | E107: INR | F107: 356 | G107: Roupie indienne | I107: MXN | J107: 484 | K107: Peso mexicain
A108: Indonésie | B108: ID | C108: IDN | D108: 360 | E108: IDR | F108: 360 | G108: Roupie indonésienne | I108: MYR | J108: 458 | K108: Ringgit malais
A109: Irak | B109: IQ | C109: IRQ | D109: 368 | E109: IQD | F109: 368 | G109: Dinar irakien | I109: MZN | J109: 943 | K109: Metical mozambicain
A110: Iran | B110: IR | C110: IRN | D110: 364 | E110: IRR | F110: 364 | G110: Rial iranien | I110: NAD | J110: 516 | K110: Dollar namibien
A111: Irlande | B111: IE | C111: IRL | D111: 372 | E111: EUR | F111: 978 | G111: Euro | I111: NGN | J111: 566 | K111: Naira nigérian
A112: Islande | B112: IS | C112: ISL | D112: 352 | E112: ISK | F112: 352 | G112: Couronne islandaise | I112: NIO | J112: 558 | K112: Cordoba oro nicaraguayen
A113: Israël | B113: IL | C113: ISR | D113: 376 | E113: ILS | F113: 376 | G113: Nouveau shekel israélien | I113: NOK | J113: 578 | K113: Couronne norvégienne
A114: Italie | B114: IT | C114: ITA | D114: 380 | E114: EUR | F114: 978 | G114: Euro | I114: NPR | J114: 524 | K114: Roupie népalaise
A115: Jamaïque | B115: JM | C115: JAM | D115: 388 | E115: JMD | F115: 388 | G115: Dollar de la Jamaïque | I115: NZD | J115: 554 | K115: Dollar néo-zélandais
A116: Japon | B116: JP | C116: JPN | D116: 392 | E116: JPY | F116: 392 | G116: Yen japonais | I116: OMR | J116: 512 | K116: Rial omanais
A117: Jersey | B117: JE | C117: JEY | D117: 832 | E117: JEP | F117: 0 | G117: Livre de Jersey | I117: PAB | J117: 590 | K117: Balboa panaméen
... A120: Kenya | B120: KE | C120: KEN | D120: 404 | E120: KES | F120: 404 | G120: Shilling kenyan | I120: PHP | J120: 608 | K120: Peso philippin
A121: Kiribati | B121: KI | C121: KIR | D121: 296 | I121: PKR | J121: 586 | K121: Roupie pakistanaise
A122: Kosovo | B122: XK | C122: XKX | D122: - | E122: EUR | F122: 978 | G122: Euro | I122: PLN | J122: 985 | K122: Zloty polonais
A123: Koweït | B123: KW | C123: KWT | D123: 414 | E123: KWD | F123: 414 | G123: Dinar koweitien | I123: PYG | J123: 600 | K123: Guarani paraguayen
A124: Lesotho | B124: LS | C124: LSO | D124: 426 | E124: LSL | F124: 426 | G124: Loti du Lesotho | I124: QAR | J124: 634 | K124: Riyal du Qatar
A125: Lettonie | B125: LV | C125: LVA | D125: 428 | E125: EUR | F125: 978 | G125: Euro | I125: RON | J125: 946 | K125: Leu roumain
A126: Liban | B126: LB | C126: LBN | D126: 422 | E126: LBP | F126: 422 | G126: Livre libanaise | I126: RSD | J126: 941 | K126: Dinar serbe
A127: Libéria | B127: LR | C127: LBR | D127: 430 | E127: LRD | F127: 430 | G127: Dollar du Libéria | I127: RUB | J127: 643 | K127: Rouble russe
A128: Libye | B128: LY | C128: LBY | D128: 434 | E128: LYD | F128: 434 | G128: Dinar libyen | I128: RWF | J128: 646 | K128: Franc rwandais
A129: Liechtenstein | B129: LI | C129: LIE | D129: 438 | E129: CHF | F129: 756 | G129: Franc suisse | I129: SAR | J129: 682 | K129: Rial saoudite
A130: Lituanie | B130: LT | C130: LTU | D130: 440 | E130: EUR | F130: 978 | G130: Euro | I130: SBD | J130: 90 | K130: Dollar des Îles Salomon
A131: Luxembourg | B131: LU | C131: LUX | D131: 442 | E131: EUR | F131: 978 | G131: Euro | I131: SCR | J131: 690 | K131: Roupie seychelloise
A132: Macao | B132: MO | C132: MAC | D132: 446 | E132: MOP | F132: 446 | G132: Patca de Macao | I132: SDG | J132: 938 | K132: Livre soudanaise
A133: Macédoine | B133: MK | C133: MKD | D133: 807 | E133: MKD | F133: 807 | G133: Denar macédonien | I133: SEK | J133: 752 | K133: Couronne suédoise
... A155: Namibie | B155: NA | C155: NAM | D155: 516 | E155: NAD | F155: 516 | G155: Dollar namibien | I155: USD | J155: 840 | K155: Dollar des États-Unis
A156: Nauru | B156: NR | C156: NRU | D156: 520 | I156: USD
A157: Népal | B157: NP | C157: NPL | D157: 524 | E157: NPR | F157: 524 | G157: Roupie népalaise | I157: UYU | J157: 858 | K157: Peso uruguayen
A158: Nicaragua | B158: NI | C158: NIC | D158: 558 | E158: NIO | F158: 558 | G158: Cordoba oro nicaraguayen | I158: UZS | J158: 860 | K158: Sum ouzbèque
A159: Niger | B159: NE | C159: NER | D159: 562 | E159: XOF | F159: 952 | G159: Franc CFA d’Afrique de l’Ouest | I159: VEF | J159: 937 | K159: Bolivar fuerte vénézuélien
A160: Nigeria | B160: NG | C160: NGA | D160: 566 | E160: NGN | F160: 566 | G160: Naira nigérian | I160: VND | J160: 704 | K160: Dong vietnamien
A161: Niue | B161: NU | C161: NIU | D161: 570 | I161: VUV | J161: 548 | K161: Vatu de Vanuatu
A162: Norvège | B162: NO | C162: NOR | D162: 578 | E162: NOK | F162: 578 | G162: Couronne norvégienne | I162: WST | J162: 882 | K162: Tala de Samoa
A163: Nouvelle Calédonie | B163: NC | C163: NCL | D163: 540 | I163: XAF | J163: 950 | K163: Franc CFA d’Afrique centrale
A164: Nouvelle-Zélande | B164: NZ | C164: NZL | D164: 554 | E164: NZD | F164: 554 | G164: Dollar néo-zélandaise | I164: XCD | J164: 951 | K164: Dollar des Caraïbes orientales
...
